Workbook

Sheet data
A1: STT | B1: Authors | C1: Author full names | D1: Author(s) ID | E1: Title | F1: Year | G1: Source title | H1: Volume | I1: Issue | J1: Art. No. | K1: Page start | L1: Page end | M1: Page count | N1: Cited by | O1: DOI | P1: Link | Q1: Affiliations | R1: Authors with affiliations | S1: Abstract | T1: Author Keywords | U1: Index Keywords | V1: Molecular Sequence Numbers | W1: Chemicals/CAS | X1: Tradenames | Y1: Manufacturers | Z1: Funding Details | AA1: Funding Texts | AB1: References | AC1: Correspondence Address | AD1: Editors | AE1: Publisher | AF1: Sponsors | AG1: Conference name | AH1: Conference date | AI1: Conference location | AJ1: Conference code | AK1: ISSN | AL1: ISBN | AM1: CODEN | AN1: PubMed ID | AO1: Language of Original Document | AP1: Abbreviated Source Title | AQ1: Document Type | AR1: Publication Stage | AS1: Open Access | AT1: Source | AU1: EID | AY1: Screening logs | AZ1: Reason for exclusion
A2: 1 | B2: Nosi; Wibowo, B.; Suryanegara, E.; Susanto, B.; Anggraeni, A. | C2: Nosi (60107199300); Wibowo, Budi (60137724900); Suryanegara, Erwin (60137335900); Susanto, Budi (60137336000); Anggraeni, Adilla (56820109200) | D2: 60107199300; 60137724900; 60137335900; 60137336000; 56820109200 | E2: Who truly drives sustainability? A critical review of stakeholder marketing practices in Indonesia (2022–2025) through a Systematic Bibliometric Review | F2: 2025 | G2: Multidisciplinary Science Journal | H2: 8 | I2: 4 | J2: e2026259 | M2: 0 | N2: 0 | O2: 10.31893/multiscience.2026259 | P2: https://www.scopus.com/inward/record.uri?eid=2-s2.0-105018499725&doi=10.31893%2Fmultiscience.2026259&partnerID=40&md5=b4ee3c1bc1ceddf6c3528481e0f81459 | Q2: Faculty of Economics and Business, Universitas Esa Unggul, Jakarta, Indonesia; Bina Nusantara University, Jakarta, Indonesia | R2: Nosi, null, Faculty of Economics and Business, Universitas Esa Unggul, Jakarta, Indonesia; Wibowo, Budi, Faculty of Economics and Business, Universitas Esa Unggul, Jakarta, Indonesia; Suryanegara, Erwin, Faculty of Economics and Business, Universitas Esa Unggul, Jakarta, Indonesia; Susanto, Budi, Faculty of Economics and Business, Universitas Esa Unggul, Jakarta, Indonesia; Anggraeni, Adilla, Bina Nusantara University, Jakarta, Indonesia | S2: This study aims to integrate and synthesize existing practices and dynamics of stakeholder engagement in Indonesia, particularly within the domains of business and sustainability. Employing a systematic literature review (SLR) method with guidance from the PRISMA protocol, we rigorously screened 134,694 documents and identified 15 relevant articles published between 2022 and 2025. The results reveal that effective stakeholder engagement is largely shaped by four key factors: strong governance, transparent and robust sustainability reporting, regulatory frameworks, and internal performance metrics such as profitability and risk management. The financial sector has emerged as a significant focus, especially in relation to social and Sharia-based accountability mechanisms. Furthermore, this study underscores the vital role of multistakeholder collaboration, the integration of local values, and the strategic use of digital technologies, such as blockchain and social media platforms, to build and sustain meaningful stakeholder relationships. Theoretically, this research aligns with the Triple Bottom Line framework, as well as Normative and Instrumental stakeholder theory perspectives, particularly within localized and religiously influenced contexts. From a practical standpoint, these insights can serve as valuable guidance for business leaders, practitioners, and policymakers in crafting inclusive, contextually relevant, and future-ready stakeholder engagement strategies. However, this study also highlights a notable gap in the current literature: the lack of empirical research on stakeholder engagement within the Micro, Small, and Medium Enterprises (MSME) sector in Indonesia. Additionally, it calls for methodological innovation in understanding complex social dynamics and cultural nuances that define stakeholder relationships in emerging markets. Ultimately, this review not only contributes to theoretical discourse on stakeholder engagement but also emphasizes the pressing need for more inclusive and context-sensitive approaches in future research and policy formulation in Indonesia’s rapidly evolving business landscape. © Copyright (c) 2025 The Authors. This work is licensed under a Creative Commons Attribution-NonCommercial-NoDerivatives 4.0 International License. | T2: governance; Indonesia; stakeholder engagement; sustainability; systematic literature review; triple bottom line | AB2: Amir, Muhammad Taufiq, Sustainability-oriented innovation through shaping the ecosystem; a case of an e-bus industry in Indonesia, Cogent Business and Management, 10, 2, (2023); Javed, Arshad, Challenges and opportunities, pp. 231-254, (2024); Diouf, Dominique, The quality of sustainability reports and impression management: A stakeholder perspective, Accounting, Auditing and Accountability Journal, 30, 3, pp. 643-667, (2017); Dwianika, Agustine, THE IMPACT OF SOCIAL IDENTITY ON TAX COMPLIANCE IN INDONESIA DURING THE PANDEMIC COVID-19, International Journal of Professional Business Review, 8, 4, (2023); Report on the Preliminary Fact Finding Mission Following the Accident at the Nuclear Fuel Processing Facility in Tokaimura Japan, (1999); Strategic Management A Stakeholder Approach, (1984); Consolidated Set of the Gri Standards Consolidated Set of the Gri Standards 2021, (2021); Diponegoro Journal of Accounting, (2017); Hapsari, Meri Indri, Managing Waqf Land in Indonesia: ANP-Driven Strategies, Pertanika Journal of Social Sciences and Humanities, 32, 1, pp. 325-343, (2024); Babolian Hendijani, R., Gay domestic tourists’ motivation: the case of Bali, Tourism and Management Studies, 19, 2, pp. 39-49, (2023) | AE2: Malque Publishing | AK2: 26751240 | AO2: English | AP2: Multidiscip. Sci. J. | AQ2: Article | AR2: Final | AS2: All Open Access; Gold Open Access | AT2: Scopus | AU2: 2-s2.0-105018499725 | AY2: Include
A3: 2 | B3: Chen, W.; Fu, Y.; Li, M.; Huang, G.Q.; Zhong, R.A.Y.Y. | C3: Chen, Wei (60194868500); Fu, Yelin (56123565300); Li, Ming (57196402801); Huang, George Q. (59748979000); Zhong, Ray A.Y. (60193598200) | D3: 60194868500; 56123565300; 57196402801; 59748979000; 60193598200 | E3: Petri net-based data authenticity analytics for ESG disclosure | F3: 2025 | G3: Computers and Industrial Engineering | H3: 212 | J3: 111691 | M3: 0 | N3: 0 | O3: 10.1016/j.cie.2025.111691 | P3: https://www.scopus.com/inward/record.uri?eid=2-s2.0-105021884382&doi=10.1016%2Fj.cie.2025.111691&partnerID=40&md5=92235ce61363b4a5b03be93af53cf9a3 | Q3: College of Economics, Shenzhen University, Shenzhen, Guangdong, China; Department of Data and Systems Engineering, The University of Hong Kong, Hong Kong, Hong Kong; Department of Industrial and Systems Engineering, The Hong Kong Polytechnic University, Hong Kong, Hong Kong, Hong Kong | R3: Chen, Wei, College of Economics, Shenzhen University, Shenzhen, Guangdong, China; Fu, Yelin, College of Economics, Shenzhen University, Shenzhen, Guangdong, China; Li, Ming, Department of Industrial and Systems Engineering, The Hong Kong Polytechnic University, Hong Kong, Hong Kong, Hong Kong; Huang, George Q., Department of Industrial and Systems Engineering, The Hong Kong Polytechnic University, Hong Kong, Hong Kong, Hong Kong; Zhong, Ray A.Y., Department of Data and Systems Engineering, The University of Hong Kong, Hong Kong, Hong Kong | S3: Since the promotion of sustainable investment and development, academia and practitioners have shown considerable interest in environmental, social, and governance (ESG) disclosure. Nonetheless, the authenticity of data in ESG disclosure remains an unresolved and critical issue. This study proposes a new method based on Petri Net to address the aforementioned problem. Firstly, we designed a novel Smart ESG Disclosure System (S-ESG), harnessing the power of Internet of Things (IoT) and blockchain. The seamless integration of IoT and blockchain technology not only simplifies the automatic data gathering and transmission in the ESG disclosure process, but also ensures the authenticity, consistency, and transparency of data. Secondly, within the S-ESG, a dual-layer data authenticity verification process is crafted utilizing the nested Petri net. This innovative approach facilitates event modeling and verifies the authenticity of the data associated with these events. Subsequently, based on the nested Petri net framework, this study pioneers the development of data authenticity analytics algorithms encompassing spatial–temporal analytics and authenticity score calculation. Furthermore, a simulated experiment is conducted to showcase the practical deployment of the S-ESG and assess the effectiveness of the proposed solution. This study employs a controlled variable approach coupled with a systematic sensitivity analysis, evaluating 243 variable combinations. Experimental validation identifies five key parameters that exhibit statistically significant correlations with verification accuracy, providing empirically supported deployment guidelines for production environments. The numerical results demonstrate that each algorithm achieves AUC values ranging from 0.91 to 0.94. The study concludes by outlining future endeavors, including algorithm enhancements and field experiments in manufacturing factories. Anticipated to be beneficial for academia and industry, this research aims to facilitate the application of the solution in analogous situations and spark innovative thoughts. © 2025 Elsevier Ltd | T3: Blockchain; Data authenticity; ESG disclosure; IoT; Petri net; Spatial-temporal analytics | U3: Authentication; Industrial research; Internet of things; Investments; Sensitivity analysis; Sustainable development; Block-chain; Critical issues; Data authenticity; Data gathering; Environmental, social, and governance disclosure; Power; Seamless integration; Spatial temporals; Spatial-temporal analytic; Sustainable investments; Petri nets | Z3: Innovation and Technology Fund, ITF; (P0051281); (ITT/024/24LP); Ministry of Education, MOE, (25C10590021); Ministry of Education, MOE; Research Grants Council, University Grants Committee, (PolyU15208824); Research Grants Council, University Grants Committee; (GD25CYJ67); National Natural Science Foundation of China, NNSFC, (72101098, 72531007); National Natural Science Foundation of China, NNSFC | AA3: We would like to express our gratitude to the Editor-in-Chief, Executive Editor and the anonymous review team for helpful comments on earlier drafts of this paper. This research is financially supported by the National Natural Science Foundation of China (Nos. 72101098 & 72531007), General Project of Humanities and Social Sciences Research of the Ministry of Education (No.25C10590021), Guangdong Philosophy and Social Sciences Planning General Project (No. GD25CYJ67), Hong Kong Public Sector Trial Scheme - Innovation and Technology Fund (ITF) Project (PSTS-ITF) (No. ITT/024/24LP), the Research Grants Council of the Hong Kong Special Administrative Region, China (Project No. No.T32-707/22-N, No. PolyU15208824 and No.PolyU15215325) and the RCDTT grant of PolyU, China (No. P0051281). | AB3: Aljawarneh, Shadi A., G-SPAMINE: An approach to discover temporal association patterns and trends in internet of things, Future Generation Computer Systems, 74, pp. 430-443, (2017); Almubarak, Wadhaah Ibrahim, Unveiling the Connection among ESG, Earnings Management, and Financial Distress: Insights from an Emerging Market, Sustainability (Switzerland), 15, 16, (2023); Ardagna, Claudio Agostino, From trustworthy data to trustworthy IoT: A data collection methodology based on blockchain, ACM Transactions on Cyber-Physical Systems, 5, 1, (2021); Cavone, Graziana, A Survey on Petri Net Models for Freight Logistics and Transportation Systems, IEEE Transactions on Intelligent Transportation Systems, 19, 6, pp. 1795-1813, (2018); Chen, Hefeng, On a maximally permissive deadlock prevention policy for automated manufacturing systems by using resource-oriented Petri nets, ISA Transactions, 89, pp. 67-76, (2019); Chouaibi, Salim, The effect of social and ethical practices on environmental disclosure: evidence from an international ESG data, Corporate Governance (Bingley), 21, 7, pp. 1293-1317, (2021); Contador, José Celso, Flexibility in the Brazilian Industry 4.0: Challenges and Opportunities, Global Journal of Flexible Systems Management, 21, pp. 15-31, (2020); Security and Privacy, (2020); Ghasemieh, Hamed, Survivability analysis of a sewage treatment facility using hybrid Petri nets, Performance Evaluation, 97, pp. 36-56, (2016); Ghosh, Soumita, Impact assessment of reliability of phasor measurement unit on situational awareness using generalized stochastic Petri nets, International Journal of Electrical Power and Energy Systems, 93, pp. 75-83, (2017) | AC3: Y. Fu; College of Economics, Shenzhen University, Shenzhen, China; email: msylfu@gmail.com | AE3: Elsevier Ltd | AK3: 03608352 | AM3: CINDD | AO3: English | AP3: Comput Ind Eng | AQ3: Article | AR3: Final | AT3: Scopus | AU3: 2-s2.0-105021884382 | AY3: Include
A4: 3 | E4: 13th World Conference on Information Systems and Technologies, WorldCIST 2025 | F4: 2025 | G4: Lecture Notes in Networks and Systems | H4: 1514 LNNS | M4: 444 | N4: 0 | P4: https://www.scopus.com/inward/record.uri?eid=2-s2.0-105023058834&partnerID=40&md5=507ae4189212d68385476ef2bd01ffc5 | S4: The proceedings contain 35 papers. The special focus in this conference is on Information Systems and Technologies. The topics include: Analysis of the Relationship Between Cases of Arboviruses and Climatic Variables in Cities in the State of Paraíba; deep Learning Model to Predict University Student’s Academic Performance; artificial Intelligence Enhanced Metaheuristic Algorithms for Robust Cyber Attack Mitigation in IoT Sensor Networks; Optimizing MANET Intrusion Detection Through VAE-Based Dimensionality Reduction: A Trade-Off Analysis Between Accuracy and Resource Efficiency; transformations in Business Models Caused by Connected Cars: A Systematic Literature Review; Simulation of a Drone with Matlab’s UAV Scenario Designer Toolbox in Single-Phase Electrical Distribution Networks in the Community of Pania, Canton Santiago, Province of Morona Santiago, Ecuador; Telecom Threats in Web Security: An AI-Based Detection Model for Mobile Flaws; stordy: Efficient Data Retrieval and Storage for Appendable-Block Blockchains; light Fidelity (Li-Fi): Wireless Communication and Security; large Language Models for Message Mediation in Multi-agent Networks Environments; VANET’s Relay Vehicle Ranking for Critical Transit Events Message Transmission Using Analytical Hierarchy Process; scoring and Ranking Serverless Providers Using Multicriteria Decision Method; collaborative Group of Properties Towards the Design of Privacy-Friendly Social Networks; investigating the Implementation of Data Protection Laws in Brazilian Game Companies: An Initial Study; Securing QR Codes for Data Transfer Between Applications; third-Party Data Leaks on the Web: Notes on Personally Identifiable Information; third-Party Data Leaks and Privacy Compliance on Finnish Government Websites; AI for Deception Detection: Techniques, Challenges, and Ethical Considerations; making Technical Terms Accessible in Sign Language; comparing Business Intelligence Tools for Optimizing Sustainability Reporting. | AD4: Rocha, A.; Adeli, H.; Poniszewska-Maranda, A.; Moreira, F.; Bianchi, I. | AE4: Springer Science and Business Media Deutschland GmbH | AG4: 13th World Conference on Information Systems and Technologies, WorldCIST 2025 | AH4: 2025-04-15 through 2025-04-17 | AI4: Florianopolis | AJ4: 341409 | AK4: 23673370; 23673389 | AL4: 9789819652372; 9783031931055; 9789819662968; 9783031999963; 9783031950162; 9783031947698; 9783032004406; 9783031910074; 9783032066671; 9783031926105 | AO4: English | AP4: Lect. Notes Networks Syst. | AQ4: Conference review | AR4: Final | AT4: Scopus | AU4: 2-s2.0-105023058834 | AY4: Exclude | AZ4: Only selected Articles, Reviews, and Conference papers
A5: 4 | B5: Niembro-García, I.J.; Magaña Ocaña, O.F. | C5: Niembro-García, Isabel Joaquina (60150768200); Magaña Ocaña, Osvaldo Francisco (60150517200) | D5: 60150768200; 60150517200 | E5: Redefining Care: Hospitals’ Pivotal Role in Sustainable Development | F5: 2025 | G5: Studies in Computational Intelligence | H5: 1218 | K5: 437 | L5: 459 | M5: 0 | N5: 0 | O5: 10.1007/978-3-031-96328-5_18 | P5: https://www.scopus.com/inward/record.uri?eid=2-s2.0-105019369096&doi=10.1007%2F978-3-031-96328-5_18&partnerID=40&md5=f353cdbba0b8a0393de1dfb444fddca6 | Q5: Faculty of Engineering, Universidad Panamericana, Mexico City, Mexico | R5: Niembro-García, Isabel Joaquina, Faculty of Engineering, Universidad Panamericana, Mexico City, Mexico; Magaña Ocaña, Osvaldo Francisco, Faculty of Engineering, Universidad Panamericana, Mexico City, Mexico | S5: This chapter explores the evolution of hospitals from ancient institutions of healing into modern pillars of healthcare—now facing growing ethical and environmental contradictions. While designed to preserve life, hospitals also contribute to rising emissions, resource waste, and deepening health inequities, directly harming people’s health and well-being. This chapter critically examines that paradox, tracing the historical role of hospitals and the industrial forces that have transformed them into complex—and often unsustainable—institutions. It presents a bold vision for their reinvention: one driven by Artificial Intelligence (AI), Machine Learning (ML), IoT, blockchain, and sustainable cloud computing. These technologies equip hospitals with the tools to monitor their environmental footprint, optimize operations, and collaborate globally through standardized, transparent data systems. Ultimately, this chapter calls for a technological transformation in sustainability reporting, positioning hospitals not only as providers of high-quality care, but as pioneers of environmental responsibility and ethical governance in the healthcare sector. © The Author(s), under exclusive license to Springer Nature Switzerland AG 2026. | AB5: undefined, (2014); Acronis Com; Alshqaqeeq, Fadhel, Quantifying hospital services by carbon footprint: A systematic literature review of patient care alternatives, Resources, Conservation and Recycling, 154, (2020); State and Federal Lobbying Spending Tops 46 Billion After Federal Lobbying Spending Broke Records in 2023, (2025); Opensecrets Org, (2024); undefined; Future Healthc J, (2021); Huella De Carbono En El Hospital Base De Puerto Montt, (2018); Barratt, Alexandra L., Overdiagnosis is increasing the carbon footprint of healthcare, BMJ, 375, (2021); Berwick, Donald M., Eliminating waste in US health care, JAMA, 307, 14, pp. 1513-1516, (2012) | AC5: I.J. Niembro-García; Universidad Panamericana, Facultad de Ingeniería, Ciudad de México, Mexico; email: iniembro@up.edu.mx | AE5: Springer Science and Business Media Deutschland GmbH | AK5: 1860949X; 18609503 | AL5: 9783031963100; 9783642034510; 9783540768029; 9783642364051; 9783031852510; 9783540959717; 9783031534447; 9783642054402; 9783642327254; 9783030949099 | AO5: English | AP5: Stud. Comput. Intell. | AQ5: Book chapter | AR5: Final | AT5: Scopus | AU5: 2-s2.0-105019369096 | AY5: Exclude | AZ5: Only selected Articles, Reviews, and Conference papers
A6: 5 | E6: 23rd International Conference on Business Process Management, BPM 2025 | F6: 2025 | G6: Lecture Notes in Computer Science | H6: 16044 LNCS | M6: 1050 | N6: 0 | P6: https://www.scopus.com/inward/record.uri?eid=2-s2.0-105015786742&partnerID=40&md5=e67fb53cacb18afe9c05f17626c48d4a | S6: The proceedings contain 65 papers. The special focus in this conference is on Business Process Management. The topics include: AI-Driven BPM: Dehumanization of the Firm?; agentic Business Process Management: Practitioner Perspectives on Agent Governance in Business Processes; motivational Process Mining: A Conceptualization by Adding Self-determination Theory; Anchoring ESG Goals in Business Processes: Engagement Patterns in Polish Organizations; Bridging BPM and Sustainability Journeys in Navigating Sustainability Paradoxical Tensions; Operationalizing Responsible BPM: A Method for Value-Based Process Redesign; designing Business Processes for Good: A Canvas-Based Framework for Routinized Benevolence; ReDPT-CT: Designing Responsible Digital Process Twins for Clinical Trials; measuring Moral Performance: A Framework for Ethical Business Process Management; KRAFT – A Knowledge-Graph-Based Resource Allocation Framework; An RPA-BPMS Integration Framework Leveraging RPA as a Resource; towards Automated Handling of Object State Exceptions in Smart Contracts; hiProX: Highly Efficient Process Execution on IoT and Edge Devices; leveraging Counterfactuals for Prescriptive Process Analytics; privacy and Confidentiality Requirements Engineering for Process Data; Beyond Logs: AI’s Internal Representations as the New Process Evidence; The Future of RPA in the Context of Automation Platforms; multimodal Zero-Shot Activity Recognition for Process Mining of Robotic Systems; time Series-Based Segmentation of Noisy User Interaction Logs for Robotic Process Automation; Educating for Next-Generation BPM: A PBL-Process Mapping Blueprint Anchored in the Drifts of the Digital Era; Project-Based Learning in BPM for Interdisciplinary Groups — Teachers’ Experience; teaching Process Redesign with a Competition; Generative AI’s Aid in Business Process Modeling Instructional Design: A Case Study; Revisiting BPMN Assignments with AI in Mind: Insights from Experiments with Large Language Models in Process Modeling Education; Comparing the Design Space of Explorative BPM: MBAs Versus GenAI; Building BPM Talent in Emerging Markets: A 10-Year Curriculum Development Journey. | AD6: Senderovich, A.; Cabanillas, C.; Vanderfeesten, I.; A. Reijers, H. | AE6: Springer Science and Business Media Deutschland GmbH | AF6: Celonis as our platinum sponsor#SAP Signavio and Process Science as gold sponsors | AG6: 23rd International Conference on Business Process Management, BPM 2025 | AH6: 2025-08-31 through 2025-09-05 | AI6: Seville | AJ6: 337889 | AK6: 03029743; 16113349 | AL6: 9789819698936; 9789819698042; 9789819698110; 9789819698905; 9783032004949; 9789819512324; 9783032026019; 9783032008909; 9783031915802; 9789819698141 | AO6: English | AP6: Lect. Notes Comput. Sci. | AQ6: Conference review | AR6: Final | AT6: Scopus | AU6: 2-s2.0-105015786742 | AY6: Exclude | AZ6: Only selected Articles, Reviews, and Conference papers
A7: 6 | E7: 23rd International Conference on Business Process Management, BPM 2025 | F7: 2025 | G7: Lecture Notes in Business Information Processing | H7: 565 LNBIP | M7: 1050 | N7: 0 | P7: https://www.scopus.com/inward/record.uri?eid=2-s2.0-105015738455&partnerID=40&md5=73c8bdd1a454f451cd0abd83b1484411 | S7: The proceedings contain 65 papers. The special focus in this conference is on Business Process Management. The topics include: AI-Driven BPM: Dehumanization of the Firm?; agentic Business Process Management: Practitioner Perspectives on Agent Governance in Business Processes; motivational Process Mining: A Conceptualization by Adding Self-determination Theory; Anchoring ESG Goals in Business Processes: Engagement Patterns in Polish Organizations; Bridging BPM and Sustainability Journeys in Navigating Sustainability Paradoxical Tensions; Operationalizing Responsible BPM: A Method for Value-Based Process Redesign; designing Business Processes for Good: A Canvas-Based Framework for Routinized Benevolence; ReDPT-CT: Designing Responsible Digital Process Twins for Clinical Trials; measuring Moral Performance: A Framework for Ethical Business Process Management; KRAFT – A Knowledge-Graph-Based Resource Allocation Framework; An RPA-BPMS Integration Framework Leveraging RPA as a Resource; towards Automated Handling of Object State Exceptions in Smart Contracts; hiProX: Highly Efficient Process Execution on IoT and Edge Devices; leveraging Counterfactuals for Prescriptive Process Analytics; privacy and Confidentiality Requirements Engineering for Process Data; Beyond Logs: AI’s Internal Representations as the New Process Evidence; The Future of RPA in the Context of Automation Platforms; multimodal Zero-Shot Activity Recognition for Process Mining of Robotic Systems; time Series-Based Segmentation of Noisy User Interaction Logs for Robotic Process Automation; Educating for Next-Generation BPM: A PBL-Process Mapping Blueprint Anchored in the Drifts of the Digital Era; Project-Based Learning in BPM for Interdisciplinary Groups — Teachers’ Experience; teaching Process Redesign with a Competition; Generative AI’s Aid in Business Process Modeling Instructional Design: A Case Study; Revisiting BPMN Assignments with AI in Mind: Insights from Experiments with Large Language Models in Process Modeling Education; Comparing the Design Space of Explorative BPM: MBAs Versus GenAI; Building BPM Talent in Emerging Markets: A 10-Year Curriculum Development Journey. | AD7: ER, M.; Gal, A.; Grisold, T.; Santoro, F.; Weske, M.; Dijkman, R.M.; Karastoyanova, D.; Aysolmaz, B.; Bandara, W.; Revoredo, K. | AE7: Springer Science and Business Media Deutschland GmbH | AG7: 23rd International Conference on Business Process Management, BPM 2025 | AH7: 2025-08-31 through 2025-09-05 | AI7: Seville | AJ7: 337889 | AK7: 18651348; 18651356 | AL7: 9783032045119; 9783642357015; 9783030057664; 9783031602597; 9783662471562; 9783319741604; 9783031616563; 9783031161674; 3642018556; 9783642280818 | AO7: English | AP7: Lect. Notes Bus. Inf. Process. | AQ7: Conference review | AR7: Final | AT7: Scopus | AU7: 2-s2.0-105015738455 | AY7: Exclude | AZ7: Only selected Articles, Reviews, and Conference papers
A8: 7 | B8: Roy, J.K.; Vasa, L. | C8: Roy, Jewel Kumar (57211688989); Vasa, László (16317891500) | D8: 57211688989; 16317891500 | E8: Financial technology and environmental, social and governance in sustainable finance: a bibliometric and thematic content analysis | F8: 2025 | G8: Discover Sustainability | H8: 6 | I8: 1 | J8: 148 | M8: 0 | N8: 14 | O8: 10.1007/s43621-025-00934-2 | P8: https://www.scopus.com/inward/record.uri?eid=2-s2.0-85219598682&doi=10.1007%2Fs43621-025-00934-2&partnerID=40&md5=c95d5dafdd83758d7fedc35ff35190f2 | Q8: Doctoral School of Regional and Business Administration Sciences, Széchenyi István University, Gyor, Gyor-Moson-Sopron, Hungary; Department of Finance and Banking, Jatiya Kabi Kazi Nazrul Islam University, Trishal, Mymensingh, Bangladesh; Faculty of Economics, Széchenyi István University, Gyor, Gyor-Moson-Sopron, Hungary | R8: Roy, Jewel Kumar, Doctoral School of Regional and Business Administration Sciences, Széchenyi István University, Gyor, Gyor-Moson-Sopron, Hungary, Department of Finance and Banking, Jatiya Kabi Kazi Nazrul Islam University, Trishal, Mymensingh, Bangladesh; Vasa, László, Faculty of Economics, Széchenyi István University, Gyor, Gyor-Moson-Sopron, Hungary | S8: The integration of Environmental, Social, and Governance (ESG) principles with Financial Technology (Fintech) has emerged as a pivotal mechanism for advancing sustainable finance. This study investigates the interplay between ESG and Fintech through bibliometric and thematic content analysis to uncover key research trends, thematic clusters, and existing knowledge gaps in this dynamic field. The research problem focuses on how FinTech innovations can support ESG-driven initiatives such as corporate social responsibility (CSR), financial inclusion, and sustainable development while addressing challenges like performance metrics and governance issues. By mapping the research landscape, the study identifies significant contributions from scholars, notably in China and the USA, and explores prominent themes, including the role of Fintech in ESG disclosures, corporate governance, and sustainability. Emerging technologies like AI and blockchain are also highlighted for their impact on ESG reporting. The findings reveal exponential academic interest in this domain but underscore critical industrial challenges, such as the absence of standardized ESG metrics and the limited application of Fintech in addressing sustainability issues. The study concludes by offering future research directions aimed at bridging these gaps and emphasizing the transformative potential of Fintech in driving sustainability across the financial sector. © The Author(s) 2025. | T8: Artificial intelligence; Bibliometric analysis; Environmental, social, and governance (ESG); Financial technology (Fintech); Sustainability; Sustainable finance; Thematic content analysis | U8: artificial intelligence; corporate social responsibility; environmental economics; financial system; sustainability; sustainable development; China; United States | Z8: Széchenyi István Egyetem, SZE | AA8: Open access funding provided by Sz\u00E9chenyi Istv\u00E1n University (SZE). | AB8: Ali, Shoaib, FinTech-powered integration: Navigating the static and dynamic connectedness between GCC equity markets and renewable energy cryptocurrencies, Resources Policy, 89, (2024); Arner, Douglas W., Sustainability, FinTech and Financial Inclusion, European Business Organization Law Review, 21, 1, pp. 7-35, (2020); Ashta, Arvind, How Can Fintech Companies Get Involved in the Environment?, Sustainability (Switzerland), 15, 13, (2023); Atayah, Osama F., Sustainability, market performance and FinTech firms, Meditari Accountancy Research, 32, 2, pp. 317-345, (2024); Bittini, Javier Sada, Business Models and Sustainability Plans in the FinTech, InsurTech, and PropTech Industry: Evidence from Spain, Sustainability (Switzerland), 14, 19, (2022); Douglas J. Cumming, Douglas J., ESG and crowdfunding platforms, Journal of Business Venturing, 39, 1, (2024); Deng, Xiang, FinTech and sustainable development: Evidence from China based on P2P data, Sustainability (Switzerland), 11, 22, (2019); Dicuonzo, Grazia, ESG, governance variables and Fintech: An empirical analysis, Research in International Business and Finance, 69, (2024); Ding, Jinxiu, How does fintech prompt corporations toward ESG sustainable development? Evidence from China, Energy Economics, 131, (2024); Dong, Xueqin, Exploring ripple effect of oil price, fintech, and financial stress on clean energy stocks: A global perspective, Resources Policy, 89, (2024) | AC8: J.K. Roy; Doctoral School of Regional and Business Administration Sciences, Széchenyi István University, Győr, 9026, Hungary; email: roy.jewel.kumar@sze.hu | AE8: Springer Nature | AK8: 26629984 | AO8: English | AP8: Discov Sustain | AQ8: Review | AR8: Final | AS8: All Open Access; Gold Open Access | AT8: Scopus | AU8: 2-s2.0-85219598682 | AY8: Include
A9: 8 | B9: Alamsyah, A.; Ramdhani, S.F.N. | C9: Alamsyah, Andry (55932829400); Ramdhani, Said Fikri Naufal (60170910200) | D9: 55932829400; 60170910200 | E9: How can a plastic credit system improve traceability and verifiability in plastic waste management? | F9: 2025 | G9: Waste Management Bulletin | H9: 3 | I9: 4 | J9: 100250 | M9: 0 | N9: 0 | O9: 10.1016/j.wmb.2025.100250 | P9: https://www.scopus.com/inward/record.uri?eid=2-s2.0-105020911614&doi=10.1016%2Fj.wmb.2025.100250&partnerID=40&md5=5ac70a37ec2e7611d267d309ae243cb8 | Q9: School of Economics and Business, Telkom University, Bandung, West Java, Indonesia | R9: Alamsyah, Andry, School of Economics and Business, Telkom University, Bandung, West Java, Indonesia; Ramdhani, Said Fikri Naufal, School of Economics and Business, Telkom University, Bandung, West Java, Indonesia | S9: Plastic credit schemes are increasingly adopted to mitigate plastic pollution, yet existing systems remain centralized, opaque, and prone to double counting and fraud. This study proposes and validates a plastic credit system that leverages blockchain technology aimed at enhancing transparency, traceability, and accountability in plastic recovery efforts. A modular three-layer architecture was implemented, comprising a user interaction layer, a blockchain execution layer, and a utility layer for metadata and analytics integration. The system employs two smart contracts on the Polygon Proof-of-Stake (PoS) mainnet using Ethereum standards: ERC-20 for fungible tokenization of plastic credits and ERC-721 for non-fungible certificate issuance. Functional testing confirmed successful execution of token lifecycle operations. Stress testing across 5000 sequential transactions yielded stable performance, with average confirmation times of 5.29 s for fungible token operations and 5.59 s for non-fungible processes. A decentralized application (DApp) was developed to support role-based interaction, credit traceability, and certificate validation. User evaluation returned a high usability score (86.4%), while benchmarking against existing platforms demonstrated improved auditability, automation, and stakeholder control. These findings indicate that blockchain infrastructure can enable decentralized, tamper-resistant plastic credit systems. The proposed model provides a scalable foundation for Extended Producer Responsibility (EPR) compliance and plastic waste traceability, which could potentially support the credibility of Environmental, Social, and Governance (ESG) reporting and supporting circular economy transitions across diverse policy and economic contexts. © 2025 The Authors | T9: Blockchain; Circular economy; Extended producer responsibility; Plastic credit; Sustainable waste management; Traceability | AB9: Alam, Samina, Selection of Waste to Energy Technologies for Municipal Solid Waste Management—Towards Achieving Sustainable Development Goals, Sustainability (Switzerland), 14, 19, (2022); Alamsyah, Andry, Blockchain-Based Traceability System to Support the Indonesian Halal Supply Chain Ecosystem, Economies, 10, 6, (2022); Alamsyah, Andry, Unraveling the crypto market: A journey into decentralized finance transaction network, Digital Business, 4, 1, (2024); Alamsyah, Andry, Transaction Network Structural Shift under Crisis: Macro and Micro Perspectives, Economies, 10, 3, (2022); Alamsyah, Andry, Blockchain traceability model in the coffee industry, Journal of Open Innovation: Technology, Market, and Complexity, 9, 1, (2023); Ante, Lennart, Blockchain-based fan tokens as a strategic resource for sports clubs: Opportunities, challenges, and a stakeholder-oriented model, Digital Business, 5, 2, (2025); Arumdani, Indah Sekar, MSW handling of top 5 leading waste-producing countries in Southeast Asia, IOP Conference Series: Earth and Environmental Science, 896, 1, (2021); Asmawi, Aziah, Development of BlockScholar as an Educational Mobile Application on Blockchain Technology, Journal of Advanced Research in Applied Sciences and Engineering Technology, 34, 1, pp. 15-23, (2024); undefined, (2021); Bhatt, Ganesh Datt, Blockchain's role in environmental sustainability: Bibliometric insights from scopus, Green Technologies and Sustainability, 3, 4, (2025) | AC9: A. Alamsyah; School of Economics and Business, Telkom University, Bandung, Indonesia; email: andrya@telkomuniversity.ac.id | AE9: Elsevier B.V. | AK9: 29497507 | AO9: English | AP9: Waste. Manag. Bull. | AQ9: Article | AR9: Final | AS9: All Open Access; Gold Open Access; Green Accepted Open Access; Green Open Access | AT9: Scopus | AU9: 2-s2.0-105020911614 | AY9: Include
A10: 9 | B10: Hoque, M.E.; Khalfaoui, R.; Leccadito, A.; Mejri, S. | C10: Hoque, Mohammad Enamul (57237515900); Khalfaoui, Rabeh (12646573300); Leccadito, Arturo (15050523900); Mejri, Sami (58341113000) | D10: 57237515900; 12646573300; 15050523900; 58341113000 | E10: Green and innovative assets in times of uncertainty: A portfolio perspective for environmental financial management | F10: 2025 | G10: Journal of Environmental Management | H10: 395 | J10: 127746 | M10: 0 | N10: 0 | O10: 10.1016/j.jenvman.2025.127746 | P10: https://www.scopus.com/inward/record.uri?eid=2-s2.0-105020014052&doi=10.1016%2Fj.jenvman.2025.127746&partnerID=40&md5=cb9de006d9d29965589a91027be53075 | Q10: BRAC University, Dhaka, Bangladesh; Universitas Negeri Padang, Padang, West Sumatra, Indonesia; Université de Lorraine, Nancy, Grand Est, France; Department of Economics, Università della Calabria, Rende, CS, Italy; UCLouvain, Louvain-la-Neuve, WBR, Belgium; Faculty of Management and Economics, Université de Tunis El Manar, Tunis, Tunis, Tunisia | R10: Hoque, Mohammad Enamul, BRAC University, Dhaka, Bangladesh, Universitas Negeri Padang, Padang, West Sumatra, Indonesia; Khalfaoui, Rabeh, Université de Lorraine, Nancy, Grand Est, France; Leccadito, Arturo, Department of Economics, Università della Calabria, Rende, CS, Italy, UCLouvain, Louvain-la-Neuve, WBR, Belgium; Mejri, Sami, Faculty of Management and Economics, Université de Tunis El Manar, Tunis, Tunis, Tunisia | S10: Sustainability and innovative assets, including technology stocks, blockchain- and AI-related investments are increasingly emerging in the contemporary investment landscape. Despite their growing importance, the interconnectedness and risk dynamics between these asset classes, especially under varying market conditions, remain underexplored. Combining quantile-on-quantile connectedness analysis with quantile-on-quantile regression techniques and incorporating global uncertainty factors such as the VIX and Financial Stress Index (FSI), this study investigates the market state-dependent and tail risk connectivity between five sustainability and seven innovative assets. Additionally, the DCC GARCH R2 decomposed connectedness approach and multivariate portfolio analysis are employed to provide comprehensive insights into spillover effects and optimal allocation strategies. A strong connectedness between sustainability and most innovative assets is found, particularly during extreme market conditions. Notably, the Blockchain index exhibits unique resilience and lower integration with ESG indices, often acting as a net transmitter of shocks, especially during market downturns. The study also reveals that financial stress and stock market volatility significantly moderate these relationships, highlighting the importance of considering such factors for robust investment strategies. The findings suggest that sustainability assets can serve as safe havens, while blockchain assets may offer diversification benefits due to their lower interconnectedness with ESG markets. This research underscores the need for dynamic asset allocation strategies that adapt to evolving market conditions and interconnectedness. © 2025 Elsevier Ltd | T10: Bivariate quantile on quantile connectedness; DCC GARCH R2 decomposed connectedness; Innovative assets; Market connectedness; Multivariate quantile on quantile regression; Sustainability assets; Tail risk | U10: Blockchain; Commerce; Electronic trading; Environmental management; Financial markets; Investments; Multivariant analysis; Regression analysis; Risk assessment; Strategic planning; Uncertainty analysis; Bivariate; Bivariate quantile on quantile connectedness; Block-chain; DCC GARCH R2 decomposed connectedness; Innovative asset; Market connectedness; Multivariate quantile on quantile regression; Quantile regression; Sustainability asset; Tail risk; Sustainable development; connectivity; management practice; market conditions; stock market; sustainability; Article; artificial intelligence; blockchain; controlled study; coronavirus disease 2019; endogenous variable; environmental economics; environmental management; exogenous variable; financial stress; human; hypothesis; information asymmetry; information technology; Israel; kernel method; nanotechnology; omitted variable bias; Palestine; power spectrum; prediction error; quantile regression; robotics; Russian Federation; scientific literature; statistical model; statistical significance; surface property; time series analysis; traffic and transport; Ukraine; war | AB10: Abakah, Emmanuel Joel Aikins, Blockchain market and eco-friendly financial assets: Dynamic price correlation, connectedness and spillovers with portfolio implications, International Review of Economics and Finance, 87, pp. 218-243, (2023); Akadiri, Seyi Saint, Cross-quantile interdependence among future energy, metaverse, artificial intelligence, fintech, space, cyber security, and digital assets, Energy and Environment, (2025); Almeida, José, Sustainability or artificial intelligence? Returns and volatility connectedness in crypto assets, Journal of Risk Finance, 26, 2, pp. 177-212, (2025); Arouri, Mohamed El Hédi, Dynamic Connectedness and Hedging Effectiveness Between Green Bonds, ESG Indices, and Traditional Assets, European Financial Management, 31, 5, pp. 1704-1719, (2025); Policy News and Stock Market Volatility, (2019); Balcilar, Mehmet, A global shift: How modern technologies are powering the energy transition in the face of climate change, Journal of Environmental Management, 384, (2025); Billah, Syed Mabruk, Tail risk connectedness between DeFi and Islamic assets and their determinants, International Review of Economics and Finance, 97, (2025); Bollerslev, Tim, Generalized autoregressive conditional heteroskedasticity, Journal of Econometrics, 31, 3, pp. 307-327, (1986); Broadstock, David C., Minimum Connectedness Portfolios and the Market for Green Bonds: Advocating Socially Responsible Investment (SRI) Activity, pp. 217-253, (2022); Cao, Xinrui, Green energy investment and technology innovation for carbon reduction: Strategies for achieving SDGs in the G7 countries, International Journal of Hydrogen Energy, 114, pp. 209-220, (2025) | AC10: R. Khalfaoui; ICN Business School, Universite de Lorraine, CEREFIGE, Nancy, F-5400, France; email: rabeh.khalfaoui@gmail.com | AE10: Academic Press | AK10: 03014797; 10958630 | AM10: JEVMA | AO10: English | AP10: J. Environ. Manage. | AQ10: Article | AR10: Final | AT10: Scopus | AU10: 2-s2.0-105020014052 | AY10: Include
A11: 10 | B11: Kumar, S.; Shah, P. | C11: Kumar, Sushil (57801258400); Shah, Priya (60157908400) | D11: 57801258400; 60157908400 | E11: Digital ESG as a catalyst for achieving the sustainable development goals: A systematic review and bibliometric analysis of digital transformation for a resilient future | F11: 2025 | G11: Sustainable Futures | H11: 10 | J11: 101458 | M11: 0 | N11: 0 | O11: 10.1016/j.sftr.2025.101458 | P11: https://www.scopus.com/inward/record.uri?eid=2-s2.0-105019927126&doi=10.1016%2Fj.sftr.2025.101458&partnerID=40&md5=44f5d8169dd751d149b3b77f780cbf7b | Q11: Department of Humanities, National Institute of Technology Jamshedpur, Jamshedpur, JH, India; Department of Management Studies, Galgotias College of Engineering & Technology, Greater Noida, UP, India | R11: Kumar, Sushil, Department of Humanities, National Institute of Technology Jamshedpur, Jamshedpur, JH, India; Shah, Priya, Department of Management Studies, Galgotias College of Engineering & Technology, Greater Noida, UP, India | S11: Purpose: This study investigates the role of Digital Environmental, Social, and Governance (DESG) frameworks as a catalyst for advancing the Sustainable Development Goals (SDGs). It employs a dual-method approach to map the evolution of DESG research, evaluate regional and sectorial disparities, and identify actionable pathways for aligning technological innovation with equitable sustainability outcomes. Design/methodology/approach: A dual-method approach combining Bibliometric analysis and systematic review was applied to 589 peer-reviewed publications (2018–2025) from Scopus and Web of Science. Techniques included co-citation networks, keyword co-occurrence, thematic mapping, and performance analysis to assess growth trends, collaboration dynamics, and intellectual structures. Findings: Post-2020 research surged by 25.85% annually, driven by AI, blockchain, and IoT, with China leading empirical contributions (47 publications, 506 citations). Thematic clusters emphasized digital governance, ESG transparency, and circular economies. Critical gaps included underrepresentation of Africa and South Asia, fragmented global collaborations, and limited empirical validation in healthcare (SDG 3) and agriculture (SDG 2). Declining citations for recent studies highlighted the need for sector-specific applications and scalable models in low-resource settings. Research limitations implications: The analysis excludes non-academic sources and non-English publications, potentially overlooking regional insights. Future studies should prioritize context-specific DESG frameworks, ethical AI governance, and inclusive collaborations to address disparities in digital infrastructure and knowledge dissemination. Originality/value: This research offers the first holistic synthesis of DESG's role in SDG advancement, integrating Bibliometric insights with actionable strategies. It uniquely highlights China's tech-driven sustainability models, Switzerland's ethical policy frameworks, and Africa's empirical gaps, proposing scalable solutions for resilient, stakeholder-centric digital governance. © 2025 | T11: Bibliometric analysis; Digital ESG; Digital transformation; Regional disparities; Resilient sustainability; Sustainable development goals (SDGs) | AB11: Wang, Shaofeng, Can digital transformation improve market and ESG performance? Evidence from Chinese SMEs, Journal of Cleaner Production, 419, (2023); Technol Forecast Soc Change, (2024); Li, Zhibin, Digital transformation and environmental, social, and governance greenwashing: Evidence from China, Journal of Environmental Management, 365, (2024); Env Sci Technol, (2023); Lin, Meng, The intersection of digital transformation and environmental responsibility in traditional manufacturing enterprises amid new productive forces, Journal of Cleaner Production, 503, (2025); Donthu, Naveen, A bibliometric retrospection of marketing from the lens of psychology: Insights from Psychology & Marketing, Psychology and Marketing, 38, 5, pp. 834-865, (2021); Aria, Massimo, bibliometrix: An R-tool for comprehensive science mapping analysis, Journal of Informetrics, 11, 4, pp. 959-975, (2017); Technol Forecast Soc Change, (2024); Kolupaieva, Irina, Policy recommendations for building a circular Ukraine, Journal of Cleaner Production, 492, (2025); Sarpong, Francis Atta, From traditional roots to digital bytes: Can digitalizing ESG improves Ghanaian rural banks’ brand equity through stakeholder engagement, and customer loyalty?, Cogent Business and Management, 10, 2, (2023) | AC11: S. Kumar; Department of Humanities, Social Sciences & Management, National Institute of Technology Jamshedpur, Jamshedpur, Jharkhand, India; email: sushil.hum@nitjsr.ac.in | AE11: Elsevier Ltd | AK11: 26661888 | AO11: English | AP11: Sustain. Future. | AQ11: Review | AR11: Final | AS11: All Open Access; Gold Open Access; Green Accepted Open Access; Green Open Access | AT11: Scopus | AU11: 2-s2.0-105019927126 | AY11: Include
A12: 11 | B12: Narayan, M.; Kumar, N.; Parida, V.K.; Kumari, P. | C12: Narayan, Madhusudan (57211403649); Kumar, Narendra (57195600975); Parida, Vishal Kumar (57224365290); Kumari, Preeti (57188961508) | D12: 57211403649; 57195600975; 57224365290; 57188961508 | E12: Sustainable finance in emerging markets: Adaptive governance and environmental, social, and governance innovation for equitable climate resilience | F12: 2025 | G12: Development and Sustainability in Economics and Finance | H12: 8 | J12: 100101 | M12: 0 | N12: 0 | O12: 10.1016/j.dsef.2025.100101 | P12: https://www.scopus.com/inward/record.uri?eid=2-s2.0-105019071147&doi=10.1016%2Fj.dsef.2025.100101&partnerID=40&md5=33b8e9da68759fdefe8d36c3dd4425bb | Q12: Amity University Jharkhand, Ranchi, JH, India; Amity University Jharkhand, Ranchi, JH, India; Amity University Jharkhand, Ranchi, JH, India | R12: Narayan, Madhusudan, Amity University Jharkhand, Ranchi, JH, India; Kumar, Narendra, Amity University Jharkhand, Ranchi, JH, India; Parida, Vishal Kumar, Amity University Jharkhand, Ranchi, JH, India; Kumari, Preeti, Amity University Jharkhand, Ranchi, JH, India | S12: Emerging markets are pivotal to the global sustainability transition, yet face systemic inequities in accessing sustainable finance, receiving less than 15 % of global flows despite accounting for 65 % of carbon emissions and 85 % of the world's population. This study examines the regulatory, technological, and socio-political barriers hindering the scaling of sustainable finance in these regions, employing a mixed methods approach combining a systematic literature review (120 peer-reviewed studies, 2014–2024) and comparative case studies of China, India, and Brazil. Findings reveal that fragmented governance structures and inconsistent environmental, social, and governance (ESG) data increase financing costs by 9–15 % for SMEs and deter cross-border investments, with only 12 % of regional ESG funds aligning with global standards. However, adaptive governance models such as India's decentralized SECURE framework for renewable energy and Vietnam's fintech sandboxes demonstrate how localized regulatory innovations can bridge gaps between global standards and on-the-ground realities. Blockchain and AI-driven analytics enhance ESG transparency, reducing green bond fraud risks by 18 % in Southeast Asia and improving climate-resilient agriculture yields by 30 % in Kenya. Conversely, socio-political instability and digital divides exacerbate inequities, as seen in Sub-Saharan Africa's 30 % cost overruns in renewable projects. The study argues for hybrid strategies prioritizing regulatory harmonization, culturally tailored instruments (e.g., Sharia-compliant green bonds), and multi-stakeholder collaboration to align financial systems with the Sustainable Development Goals (SDGs). With emerging markets projected to drive 60 % of global GDP growth by 2050, scholars and policymakers have suggested that scaling AI-enhanced ESG disclosures and redirecting a portion of the estimated $2.1 trillion in annual fossil fuel subsidies towards clean energy could significantly accelerate progress. However, political and economic feasibility requires further analysis and the establishment of arbitration frameworks for land use conflicts. These strategies advance SDG 7 (Affordable Energy), SDG 8 (Decent Work), SDG 9 (Industry Innovation), and SDG 13 (Climate Action), ensuring sustainable finance unlocks equitable, climate-resilient development. © 2025 Elsevier B.V. | T12: Adaptive Governance; Blockchain; Emerging Markets; Equitable Climate Resilience; ESG; Sustainable Finance | AB12: Agrawal, Rohit, Adoption of green finance and green innovation for achieving circularity: An exploratory review and future directions, Geoscience Frontiers, 15, 4, (2024); Ameli, Nadia, Climate finance and disclosure for institutional investors: why transparency is not enough, Climatic Change, 160, 4, pp. 565-589, (2020); Financing the Response to Climate Change the Pricing and Ownership of U S Green Bonds, (2018); Bao, Xiaomin, The impact of environmental, social, and governance (ESG) rating disparities on corporate risk: The mediating role of financing constraints, Journal of Environmental Management, 371, (2024); Billah, Mohammad Maruf, Salmonella in the environment: A review on ecology, antimicrobial resistance, seafood contaminations, and human health implications, Journal of Hazardous Materials Advances, 13, (2024); Esg Investing Practices Progress and Challenges, (2020); Bril, Herman, Sustainable investing: A path to a new horizon, pp. 1-373, (2020); Campiglio, Emanuele, Beyond carbon pricing: The role of banking and monetary policy in financing the transition to a low-carbon economy, Ecological Economics, 121, pp. 220-230, (2016); Chandran, Renju, Theoretical perspectives on green banking adoption in India: regulatory uncertainty, institutional barriers, and policy solutions, Discover Sustainability, 6, 1, (2025); Chatterji, Aaron K., Do ratings of firms converge? Implications for managers, investors and strategy researchers, Strategic Management Journal, 37, 8, pp. 1597-1614, (2016) | AC12: M. Narayan; Amity Business School, Amity University Jharkhand, Ranchi, Jharkhand, India; email: mnarayan@rnc.amity.edu | AE12: Elsevier B.V. | AK12: 29505240 | AO12: English | AP12: dev. sustain. econ. finance | AQ12: Article | AR12: Final | AT12: Scopus | AU12: 2-s2.0-105019071147 | AY12: Include
A13: 12 | B13: Tee, K.; Rubbaniy, G. | C13: Tee, Kenny (59961953200); Rubbaniy, Ghulame (56089146500) | D13: 59961953200; 56089146500 | E13: Introduction of Palm GreenChain, a blockchain-based framework for enhanced traceability, transparency and accountable green bond financing in Malaysia | F13: 2025 | G13: Discover Sustainability | H13: 6 | I13: 1 | J13: 1079 | M13: 0 | N13: 0 | O13: 10.1007/s43621-025-01970-8 | P13: https://www.scopus.com/inward/record.uri?eid=2-s2.0-105018866654&doi=10.1007%2Fs43621-025-01970-8&partnerID=40&md5=ea0f20e1647cf56d71ca6b74728b61f2 | Q13: James Cook University, Singapore, Singapore City, Singapore; Bristol Business School, Bristol, United Kingdom | R13: Tee, Kenny, James Cook University, Singapore, Singapore City, Singapore; Rubbaniy, Ghulame, Bristol Business School, Bristol, United Kingdom | S13: This study employs a theoretical, system design–based methodology to propose the Palm GreenChain framework—a blockchain-based platform aimed at enhancing traceability, transparency, financial coverage, and accountability in green bond financing for sustainable palm oil production in Malaysia. The methodology integrates Ethereum-compatible smart contracts, ESG oracles, IPFS-based data storage, and DAO (Decentralized Autonomous Organization) governance to structure a digital green bond lifecycle. Rather than relying on empirical data collection, the framework is conceptualized through the development of a multi-layered blockchain architecture and validated via comparative analysis with analogous blockchain applications in agriculture. The proposed system is designed to enable real-time traceability of green bond disbursements, automate ESG compliance verification using satellite and IoT data, and strengthen accountability and access to climate finance for smallholder farmers. By embedding performance-based returns within smart contracts, the model aligns financial incentives with conservation goals. Leveraging Malaysia’s advanced land administration infrastructure and digital capabilities, the framework presents a scalable, open-source solution to reduce greenwashing, expand financial inclusion in underserved agricultural communities, and enhance transparency and investor confidence in sustainable agricultural finance. By directly linking green finance to verifiable sustainability outcomes, Palm GreenChain addresses key limitations in conventional green bond mechanisms. Its applicability across diverse agricultural sectors positions it as a replicable blueprint for broader sustainable development. The framework is openly available via its GitHub repository. © The Author(s) 2025. | T13: Agriculture; Blockchain; Green bond; Malaysia; Palm oil; Sustainable finance | U13: accountability; agricultural economics; agricultural finance; resource development; sustainable development; vegetable oil; Malaysia | AB13: undefined, (2021); Albizri, Abdullah, Trust but verify: The oracle paradox of blockchain smart contracts, Journal of Information Systems, 35, 2, pp. 1-16, (2021); undefined, (2022); Basiron, Yusof, Palm oil production through sustainable plantations, European Journal of Lipid Science and Technology, 109, 4, pp. 289-295, (2007); Ipfs Content Addressed Versioned P2p File System, (2014); Github Repository, (2013); de Mariz, Frédéric, The Promise of Sustainable Finance: Lessons From Brazil, Georgetown Journal of International Affairs, 23, 2, pp. 185-190, (2022); de Mariz, Frédéric, Reforming Sustainability-Linked Bonds by Strengthening Investor Trust, Journal of Risk and Financial Management, 17, 7, (2024); Deschryver, Pauline, What Future for the Green Bond Market? How Can Policymakers, Companies, and Investors Unlock the Potential of the Green Bond Market?, Journal of Risk and Financial Management, 13, 3, (2020); Bis Quarterly Review, (2017) | AC13: K. Tee; James Cook University Singapore, Singapore, Singapore; email: Kenny.Tee@jcu.edu.au | AE13: Springer Nature | AK13: 26629984 | AO13: English | AP13: Discov Sustain | AQ13: Article | AR13: Final | AS13: All Open Access; Gold Open Access | AT13: Scopus | AU13: 2-s2.0-105018866654 | AY13: Include
A14: 13 | B14: Song, C.; Teh, S.Y.; Al Sayed Noor, A.; Shao, M. | C14: Song, Chengzhi (60130773500); Teh, Sinyin (58358923400); Al Sayed Noor, Alhamzah Malik (57204894353); Shao, Mingqi (58845670900) | D14: 60130773500; 58358923400; 57204894353; 58845670900 | E14: Trends of the digital transformation and green innovation using PRISMA and bibliometric analysis review | F14: 2025 | G14: Discover Sustainability | H14: 6 | I14: 1 | J14: 1010 | M14: 0 | N14: 0 | O14: 10.1007/s43621-025-01855-w | P14: https://www.scopus.com/inward/record.uri?eid=2-s2.0-105018080517&doi=10.1007%2Fs43621-025-01855-w&partnerID=40&md5=e35d1ec23f594a661a02fa65b7c44d45 | Q14: School of Management, Universiti Sains Malaysia, Gelugor, Penang, Malaysia; College of Business Administration, A’Sharqiyah University, Ibra, Ash Sharqiyah, Oman | R14: Song, Chengzhi, School of Management, Universiti Sains Malaysia, Gelugor, Penang, Malaysia; Teh, Sinyin, School of Management, Universiti Sains Malaysia, Gelugor, Penang, Malaysia; Al Sayed Noor, Alhamzah Malik, College of Business Administration, A’Sharqiyah University, Ibra, Ash Sharqiyah, Oman; Shao, Mingqi, School of Management, Universiti Sains Malaysia, Gelugor, Penang, Malaysia | S14: As the digital era reshapes industries, its intersection with green innovation offers a unique pathway to achieving sustainability goals. In this research, a total of 499 pieces of literature published between 2019 and June 2025 are reviewed based on the selection of the keywords “digital transformation” and “green innovation” in the Web of Science Core Collection database. Using the Preferred Reporting Items for Systematic Reviews and Meta-Analyses (PRISMA) framework and advanced bibliometric tools (VOSviewer and Scimago Graphica), this review identifies five thematic clusters and key research trends. Notably, 78.5% of the reviewed articles originated from China, and 18.24% were published in the journal Sustainability, indicating strong geographic and journal-level concentration. Co-citation analysis reveals Vial (2019) as the most influential reference (91 citations), while keyword mapping highlights the prominence of topics such as artificial intelligence (AI), blockchain, Environmental, Social, and Governance (ESG) performance, and digital ecosystems. This study identifies gaps in governance transparency, interdisciplinary integration, and sectoral application at the intersection of digital transformation and green innovation, thereby providing a forward-looking agenda for scholars and practitioners in this emerging research domain. © The Author(s) 2025. | T14: Bibliometric; Digital transformation; Green innovation; Green product; Sustainability | U14: information and communication technology; innovation; literature review; sustainability; technological change | AB14: 6trf7n Gcl Au Mja1otq3mjg5ny4xnzuxodazotg5 Ga Mty4mjy4mzaxmi4xnzuxodazotg5 Ga 541eng1f9x Cze3nte4mdm5odkkbzekzzakdde3nte4mdm5odkkajywjgwwjggw, (2024); undefined, (2023); Bhandari, Arabinda, Design Thinking: from Bibliometric Analysis to Content Analysis, Current Research Trends, and Future Research Directions, Journal of the Knowledge Economy, 14, 3, pp. 3097-3152, (2023); Lee, Chinghung, Understanding digital transformation in advanced manufacturing and engineering: A bibliometric analysis, topic modeling and research trend discovery, Advanced Engineering Informatics, 50, (2021); Alrawadieh, Ziad, Digital transformation and revenue management: Evidence from the hotel industry, Tourism Economics, 27, 2, pp. 328-345, (2021); Zhu, Xiaoteng, Digital transformation: A systematic literature review, Computers and Industrial Engineering, 162, (2021); Sousa-Zomer, Thayla T., Digital transforming capability and performance: a microfoundational perspective, International Journal of Operations and Production Management, 40, 7-8, pp. 1095-1128, (2020); Vial, Gregory, Understanding digital transformation: A review and a research agenda, Journal of Strategic Information Systems, 28, 2, pp. 118-144, (2019); Gao, Pengbin, Discovering Themes and Trends in Digital Transformation and Innovation Research, Journal of Theoretical and Applied Electronic Commerce Research, 17, 3, pp. 1162-1184, (2022); Hanelt, Andre, A Systematic Review of the Literature on Digital Transformation: Insights and Implications for Strategy and Organizational Change, Journal of Management Studies, 58, 5, pp. 1159-1197, (2021) | AC14: S.Y. Teh; School of Management, Universiti Sains Malaysia, Minden, Penang, 11800, Malaysia; email: tehsyin@usm.my | AE14: Springer Nature | AK14: 26629984 | AO14: English | AP14: Discov Sustain | AQ14: Review | AR14: Final | AS14: All Open Access; Gold Open Access | AT14: Scopus | AU14: 2-s2.0-105018080517 | AY14: Include
A15: 14 | B15: Challouf, K.; Alhloul, A.; Nemeth, N. | C15: Challouf, Khouloud (60121034200); Alhloul, Abdelkarim (58039502500); Nemeth, Nikoletta (57202858327) | D15: 60121034200; 58039502500; 57202858327 | E15: Mapping the role of industry 4.0 technologies in green supply chain management: a bibliometric and structured text analysis | F15: 2025 | G15: Discover Sustainability | H15: 6 | I15: 1 | J15: 949 | M15: 0 | N15: 1 | O15: 10.1007/s43621-025-01827-0 | P15: https://www.scopus.com/inward/record.uri?eid=2-s2.0-105017482838&doi=10.1007%2Fs43621-025-01827-0&partnerID=40&md5=7a2110bc3ce03b02bc4754a991071f38 | Q15: Alexandre Lamfalussy Faculty of Economics, Soproni Egyetem, Sopron, Gyor-Moson-Sopron, Hungary | R15: Challouf, Khouloud, Alexandre Lamfalussy Faculty of Economics, Soproni Egyetem, Sopron, Gyor-Moson-Sopron, Hungary; Alhloul, Abdelkarim, Alexandre Lamfalussy Faculty of Economics, Soproni Egyetem, Sopron, Gyor-Moson-Sopron, Hungary; Nemeth, Nikoletta, Alexandre Lamfalussy Faculty of Economics, Soproni Egyetem, Sopron, Gyor-Moson-Sopron, Hungary | S15: The Fourth Industrial Revolution, or Industry 4.0 (I4.0), is transforming industrial passages globally through the leverage of digital technologies, such as artificial intelligence (AI), machine learning (ML), big data analytics (BDA), blockchain, and the Internet of Things (IoT). I4.0 has increased global competition and heightened the demand for sustainable supply chain solutions. Green Supply Chain Management (GSCM) has taken on a strategic imperative, evolving from a mere aspect of corporate social responsibility to assume the role of a key enabler of environmental, as well as economic, resilience. This present study seeks to close an important research gap: the lack of in-depth reviews that link various Industry 4.0 technologies with environmental sustainability implications in the realm of supply chain management. A two-phased methodological procedure was followed, integrating bibliometric analysis and structured text analysis. Out of 1962 peer-reviewed documents downloaded from Scopus and Web of Science, 49 highly cited papers were chosen for detailed qualitative analysis. VOSviewer and Biblioshiny were among the tools used to map keyword co-occurrence, co-citation networks, and thematic clusters. The findings show that digital technologies such as IoT, digital twins, blockchain, AI, and cloud computing are key enablers for waste reduction, emissions control, traceability, reverse logistics, and circular economy (CE) activities. The study identifies the key implementation challenges such as integration complexity, lack of digital skills, and high costs. This research stands as the first study to combine structured text analysis with bibliometric mapping through Scopus and WoS databases for a systematic investigation of Industry 4.0 technologies in Green Supply Chain Management. The research establishes an original analytical framework that links digital innovation to sustainable supply chain performance, helping academic researchers and industry professionals. © The Author(s) 2025. | T15: Artificial intelligence (AI); Bibliometric analysis; Blockchain; Circular economy; Digital transformation; Green supply chain management (GSCM); Industry 4.0; Internet of things (IoT); Structured text analysis; Sustainability | U15: artificial intelligence; circular economy; green economy; innovation; qualitative analysis; supply chain management; sustainability; technological development; technology adoption | AB15: Industrie 4 0 Mit Dem Internet Der Dinge Auf Dem Weg Zur 4 Industriellen Revolution, (2011); Recommendations for Implementing the Strategic Initiative Industrie 4 0, (2013); Zhang, Yu, Sustainable supply chain management and green technologies: a bibliometric review of literature, Environmental Science and Pollution Research, 29, 39, pp. 58454-58470, (2022); Lai, Chun Sing, Are energy policies for supporting low-carbon power generation killing energy storage?, Journal of Cleaner Production, 280, (2021); Trawnih, Ali, Empowering Startup Supply Chain: Exploring the Integration of SCF, AI, Blockchain, and Trust, Logistics, 9, 2, (2025); Tseng, Ming Lang, Assessing data-driven sustainable supply chain management indicators for the textile industry under industrial disruption and ambidexterity, International Journal of Production Economics, 245, (2022); Chiappetta Jabbour, Charbel Jose, Unlocking the circular economy through new business models based on large-scale data: An integrative framework and research agenda, Technological Forecasting and Social Change, 144, pp. 546-552, (2019); Bhalaji, R. K.A., Risk assessment in sustainable supply chain: theoretical and managerial implications for circular economy in emerging economies, International Journal of System Assurance Engineering and Management, 15, 10, pp. 4966-4981, (2024); Karuppiah, Koppiahraj, A systematic literature review on the evolution of sustainable manufacturing practices: Key findings and implications, Cleaner Engineering and Technology, 22, (2024); Han, Yu, Working the literature harder: what can text mining and bibliometric analysis reveal?, Expert Review of Proteomics, 16, 11-12, pp. 871-873, (2019) | AC15: A. Alhloul; Alexandre Lamfalussy Faculty of Economics, University of Sorpon, Sopron, Erzsébet Street. 9, 9400, Hungary; email: abdhloul@gmail.com | AE15: Springer Nature | AK15: 26629984 | AO15: English | AP15: Discov Sustain | AQ15: Review | AR15: Final | AS15: All Open Access; Gold Open Access | AT15: Scopus | AU15: 2-s2.0-105017482838 | AY15: Include
A16: 15 | B16: Thawani, B.; Bhatia, M.; Panigrahi, T.; Mall, S. | C16: Thawani, Bhavna (58343168900); Bhatia, Meena (57218140967); Panigrahi, Tushar Ranjan (58032461400); Mall, Sunita (57203883990) | D16: 58343168900; 57218140967; 58032461400; 57203883990 | E16: Research trends on use of technology in sustainability reporting: a keyword-based bibliometric analysis | F16: 2025 | G16: International Journal of Disclosure and Governance | H16: 22 | I16: 4 | K16: 910 | L16: 940 | M16: 0 | N16: 0 | O16: 10.1057/s41310-025-00315-1 | P16: https://www.scopus.com/inward/record.uri?eid=2-s2.0-105016480685&doi=10.1057%2Fs41310-025-00315-1&partnerID=40&md5=2a72e6011e98146cec1bda42a910b294 | Q16: Birla Institute of Management Technology Greater Noida, Greater Noida, UP, India; The School of Ideas, MICA, India, Ahmedabad, GJ, India; Oracle India Pvt. Ltd., Noida, UP, India; Accounting and Finance Department, Indian Institute of Management Sambalpur, Sambalpur, OR, India; Shanti Business School, Ahmedabad, GJ, India | R16: Thawani, Bhavna, Birla Institute of Management Technology Greater Noida, Greater Noida, UP, India, Oracle India Pvt. Ltd., Noida, UP, India; Bhatia, Meena, Accounting and Finance Department, Indian Institute of Management Sambalpur, Sambalpur, OR, India; Panigrahi, Tushar Ranjan, Shanti Business School, Ahmedabad, GJ, India; Mall, Sunita, The School of Ideas, MICA, India, Ahmedabad, GJ, India | S16: This research entails a bibliometric analysis that is keyword-based regarding the trend on research in technology and sustainability reporting (SR). The study analysed 211 articles published in the Scopus database from 2002 to 2024 using advanced analytical tools such as VOSviewer and R-package, in order to establish the most influential journals, authors, organizations, and countries based on their citations and publications, as well as their location and importance within the network. Results indicate a growing use of technology in SR research, particularly in emerging nations; highlights the need for better alignment between technological innovations and established SR frameworks to ensure standardize transparency, suggesting possible future directions for researchers. Future studies could also explore the role of AI, blockchain, big data, and IoT in automating sustainability disclosure. These results provide significant insights into how technology facilitates SR and can serve as a starting point for further studies in this area. © The Author(s), under exclusive licence to Springer Nature Limited 2025. | T16: Analysis; Biblioshiny; Keyword based bibliometric analysis; SR; Technology; VOSviewer | AB16: Adams, Carol A., Academics and policymakers at odds: the case of the IFRS Foundation Trustees’ consultation paper on sustainability reporting, Sustainability Accounting, Management and Policy Journal, 13, 6, pp. 1310-1333, (2022); Afolabi, Hammed, Harmonization of Sustainability Reporting Regulation: Analysis of a Contested Arena, Sustainability (Switzerland), 14, 9, (2022); Aggarwal, Priyanka, CSR and sustainability reporting practices in India: an in-depth content analysis of top-listed companies, Social Responsibility Journal, 15, 8, pp. 1033-1053, (2019); Ake, Kouassi Marius Honore, Sustainable development and stakeholder engagement in the agri-food sector: Exploring the nexus between biodiversity conservation and information technology, Sustainable Development, 31, 1, pp. 334-348, (2023); Corporate Filings an AI Perspective, (2022); Ali, Fouzia Hadi, Exploring the quantity and quality of occupational health and safety disclosure among listed manufacturing companies: Evidence from Pakistan, a lower-middle income country, Safety Science, 143, (2021); Al-Shaer, Habiba, Creating sustainability reports that matter: an investigation of factors behind the narratives, Journal of Applied Accounting Research, 23, 3, pp. 738-763, (2022); Anderson, Jen, Measuring Your Company’s Impact: How to Make the Most of Sustainability Reporting Frameworks, Management for Professionals, Part F600, pp. 255-271, (2017); Antonini, Carla, Subpolitics and sustainability reporting boundaries. The case of working conditions in global supply chains, Accounting, Auditing and Accountability Journal, 33, 7, pp. 1535-1567, (2020); Ardi, undefined, The Importance of a Chief Sustainability Officer (CSO) in Multinational and State-Owned Enterprises, Journal of Human, Earth, and Future, 4, 3, pp. 303-315, (2023) | AC16: B. Thawani; Birla Institute of Management Technology (BIMTECH), Greater Noida, UP, India; email: bhavna.thawani_efpm20@bimtech.ac.in | AE16: Palgrave Macmillan | AK16: 17413591; 17466539 | AO16: English | AP16: Int. J. Discl. Gov. | AQ16: Article | AR16: Final | AT16: Scopus | AU16: 2-s2.0-105016480685 | AY16: Include
A17: 16 | B17: Pu, T. | C17: Pu, Tingqian (58880091800) | D17: 58880091800 | E17: Bridging digitalization and environmental, social, and governance performance: the moderating effect of CEO duality and government linked corporations | F17: 2025 | G17: Humanities and Social Sciences Communications | H17: 12 | I17: 1 | J17: 1441 | M17: 0 | N17: 1 | O17: 10.1057/s41599-025-05773-0 | P17: https://www.scopus.com/inward/record.uri?eid=2-s2.0-105014920045&doi=10.1057%2Fs41599-025-05773-0&partnerID=40&md5=a118631e45c3404f452907ef8848fd03 | Q17: School of Digital Economy and Finance, Guizhou University of Commerce, Guiyang, Guizhou, China | R17: Pu, Tingqian, School of Digital Economy and Finance, Guizhou University of Commerce, Guiyang, Guizhou, China | S17: This study applies machine learning methods to develop a comprehensive index of corporate digitalization and investigates its influence on environmental, social, and governance (ESG) outcomes. The results indicate that firms with higher levels of corporate digitalization generally achieve better ESG performance. An in-depth analysis of five core dimensions—artificial intelligence, blockchain, cloud computing, big data, and digital technology application—reveals that four of these factors significantly bolster ESG performance, whereas blockchain does not exhibit a notable effect. Further examination shows that CEO duality dilutes the positive impact of corporate digitalization on ESG outcomes, while government linked corporations strengthen this relationship. Subsample analyses suggest that the negative moderating effect of CEO duality is more pronounced in high-polluting industries, whereas the positive effect of government-linked ownership is mainly driven by minority state-owned enterprises. These findings underscore digitalization as a key enabler of ESG improvement, contingent on internal governance design and external institutional context. The study contributes to emerging research on digital sustainability and offers practical insights for investors and policymakers seeking to align digital and ESG agendas. © The Author(s) 2025. | Z17: (2025RW042) | AA17: This research was supported by the Guizhou Provincial Department of Education Research Projects on Humanities and Social Sciences in Colleges and Universities (project number 2025RW042: Study on the Innovative Development Strategies for Guizhou's Small and Medium-sized Enterprises in the Digital Economy Era); it also draws upon support from the 2025 Guizhou Provincial Theoretical Innovation Program, Special Joint Project on Green Finance: Mechanisms and Pathways through which Green Finance Drives Enterprise Green Technological Innovation; furthermore, it constitutes part of the research output of the 2025 university-level project Digital Transformation Mechanisms and Effects for High-Quality Development of the Private Economy in Guiyang City and Guian New Area under the Background of Intelligent Digitalization supported by Guizhou University of Commerce, China. | AB17: Adebayo, Adeyemi O., Managing Trade-Offs Between Environmental, Social, Governance and Financial Sustainability in State-Owned Enterprises: Insights from an Emerging Market, Australian Accounting Review, 34, 1, pp. 55-73, (2024); Anjaria, Kushal Ajaybhai, Enhancing sustainability integration in Sustainable Enterprise Resource Planning (S-ERP) system: Application of Transaction Cost Theory and case study analysis, International Journal of Information Management Data Insights, 4, 2, (2024); Annesi, Nora, Navigating paradoxes: building a sustainable strategy for an integrated ESG corporate governance, Management Decision, 63, 2, pp. 531-559, (2025); Asif, Muhammad, ESG and Industry 5.0: The role of technologies in enhancing ESG disclosure, Technological Forecasting and Social Change, 195, (2023); Jibs Special Collections, (2024); Barbar, Julia, Government ownership in the MENA region: the roles of institutional voids, sociocultural norms and control-enhancing mechanisms, Corporate Governance (Bingley), 25, 8, pp. 68-100, (2025); Barker, Vincent L., Corporate decline and turnarounds in times of digitalization, Long Range Planning, 57, 1, (2024); Barney, Jay Bryan, Firm Resources and Sustained Competitive Advantage, Journal of Management, 17, 1, pp. 99-120, (1991); Bhaskar, Ratikant, CEO duality and corporate social responsibility: A moderation effect of founder CEO, Research in International Business and Finance, 71, (2024); Bibri, Simon Elias, Smarter eco-cities and their leading-edge artificial intelligence of things solutions for environmental sustainability: A comprehensive systematic review, Environmental Science and Ecotechnology, 19, (2024) | AC17: T. Pu; School of Digital Economy and Finance, Guizhou University of Commerce, Guiyang, China; email: tq_pu@outlook.com | AE17: Springer Nature | AK17: 26629992 | AO17: English | AP17: Hum. Soc. Sci. Comm | AQ17: Article | AR17: Final | AS17: All Open Access; Gold Open Access | AT17: Scopus | AU17: 2-s2.0-105014920045 | AY17: Include
A18: 17 | B18: Bajaher, M.S.; Asiri, M. | C18: Bajaher, Mohammed Saleh (57223127355); Asiri, Mohammed Abdulrahman M. (59586132100) | D18: 57223127355; 59586132100 | E18: The impact of digital transformation on ESG outcomes in the Saudi stock market | F18: 2025 | G18: Discover Sustainability | H18: 6 | I18: 1 | J18: 752 | M18: 0 | N18: 1 | O18: 10.1007/s43621-025-01572-4 | P18: https://www.scopus.com/inward/record.uri?eid=2-s2.0-105012623768&doi=10.1007%2Fs43621-025-01572-4&partnerID=40&md5=942cfabe29e24313e603a83bec3f2667 | Q18: Department of Accounting, King Khalid University, Abha, Asir, Saudi Arabia | R18: Bajaher, Mohammed Saleh, Department of Accounting, King Khalid University, Abha, Asir, Saudi Arabia; Asiri, Mohammed Abdulrahman M., Department of Accounting, King Khalid University, Abha, Asir, Saudi Arabia | S18: Focusing on non-financial firms listed on the Saudi Stock Exchange, this study evaluates the effect of digital transformation (DT) on their environmental, social, and governance (ESG) outcomes. Using 105 firm-year observations from 2019 to 2022, a novel DT index was developed through manual content analysis of annual reports. ESG performance data, sourced from the London Stock Exchange Group (LSEG), were disaggregated into environmental, social, and governance scores. The analysis utilizes two-stage least squares (2SLS) and propensity score matching (PSM) techniques to address potential endogeneity and strengthen the robustness of the results. The findings reveal a statistically significant and positive association between DT and overall ESG performance, with the strongest effects observed in the environmental and social dimensions. Further analysis identifies big data analytics and blockchain as key technologies driving ESG improvements. These findings highlight the strategic role of DT in advancing sustainability in emerging markets. By focusing on Saudi Arabia context, this study contributes novel empirical insights to the digitalization–sustainability literature and provides practical guidance for firms and policymakers seeking to align DT initiatives with national goals such as Vision 2030. © The Author(s) 2025. | T18: Digital transformation; Emerging market; ESG; Saudi Arabia | U18: digitization; empirical analysis; least squares method; stock market; sustainability; Saudi Arabia | Z18: King Khalid University, KKU, (501/46); King Khalid University, KKU | AA18: Funding text 1: This research was funded by the Deanship of Research and Graduate Studies at King Khalid University through the Large Groups Project (grant number 501/46).; Funding text 2: The authors extend their appreciation to the Deanship of Research and Graduate Studies at King Khalid University for funding this work through the Large Groups Project (grant number 501/46). | AB18: Mukhtar, Bilal, Systematic literature review and retrospective bibliometric analysis on ESG research, International Journal of Productivity and Performance Management, 74, 4, pp. 1365-1399, (2025); Ortas, Eduardo, The impact of institutional and social context on corporate environmental, social and governance performance of companies committed to voluntary corporate social responsibility initiatives, Journal of Cleaner Production, 108, pp. 673-684, (2015); Bowen, Kathryn J., Implementing the “Sustainable Development Goals”: towards addressing three key governance challenges—collective action, trade-offs, and accountability, Current Opinion in Environmental Sustainability, 26-27, pp. 90-96, (2017); Hamad, Salaheldin, A reflection on the voluntary disclosure of sustainable development goals: The role of sustainability committee, Business Strategy and Development, 7, 3, (2024); Exchange in Focus Saudi Exchange Publishes Esg Disclosure Guidelines Sse Initiative; Chen, Simin, Environmental, social, and governance (ESG) performance and financial outcomes: Analyzing the impact of ESG on financial performance, Journal of Environmental Management, 345, (2023); Chen, Yingyu, How does digital transformation improve ESG performance? Empirical research from 396 enterprises, International Entrepreneurship and Management Journal, 21, 1, (2025); Shaddady, Ali, ESG practices and bank efficiency: new evidence from an oil-driven economy, International Journal of Islamic and Middle Eastern Finance and Management, 17, 2, pp. 233-251, (2024); Habbash, Murya, Corporate governance and corporate social responsibility disclosure: Evidence from Saudi Arabia, Social Responsibility Journal, 12, 4, pp. 740-754, (2016); Freeman, R. Edward, Stakeholder Theory and the Resource-Based View of the Firm, Journal of Management, 47, 7, pp. 1757-1770, (2021) | AC18: M.S. Bajaher; Accounting Department, College of Business, King Khalid University, Abha, Saudi Arabia; email: Msawwd@kku.edu.sa | AE18: Springer Nature | AK18: 26629984 | AO18: English | AP18: Discov Sustain | AQ18: Article | AR18: Final | AS18: All Open Access; Gold Open Access | AT18: Scopus | AU18: 2-s2.0-105012623768 | AY18: Include
A19: 18 | B19: Aljohani, A. | C19: Aljohani, Abeer Ahmed (57212101721) | D19: 57212101721 | E19: A decision-support framework for evaluating AI-enabled ESG strategies in the context of sustainable manufacturing systems | F19: 2025 | G19: Scientific Reports | H19: 15 | I19: 1 | J19: 23864 | M19: 0 | N19: 2 | O19: 10.1038/s41598-025-09569-9 | P19: https://www.scopus.com/inward/record.uri?eid=2-s2.0-105010086069&doi=10.1038%2Fs41598-025-09569-9&partnerID=40&md5=c25a069b52751a53a91a2439ab1e6ac3 | Q19: Department of Computer Science and Informatics, Taibah University, Medina, Al Madinah al Munawwarah, Saudi Arabia | R19: Aljohani, Abeer Ahmed, Department of Computer Science and Informatics, Taibah University, Medina, Al Madinah al Munawwarah, Saudi Arabia | S19: With the increasing global environmental and social challenges, it is more urgent than ever to implement effective strategies for sustainable development. Environmental, Social and Governance (ESG) criteria are also necessary requirements guiding organizations toward responsible and sustainable practices. However, the multi-dimensionality of the criteria and the uncertainty associated with judgment by an expert makes evaluation and choice of the best ESG-driven strategy a very complex task. The current paper introduces an innovative approach to the assessment of ESG strategies via Fuzzy based multi-criteria decision-making tools. Those selected shall be addressed particularly through the Fuzzy TOPSIS method, considering and ranking seven key strategies driven by ESG focus areas- AI-Powered Predictive Analytics, Renewable Energy Integration, Smart Waste Management Systems, Blockchain for Transparent Governance, AI-Enhanced Workforce and Community Development, Sustainable Supply Chain Optimization and Generative AI for Eco-Friendly Innovation. The results of this assessment indicate that the most popular ESG approach is renewable energy integration, which is in line with the industry’s pivotal role in advancing energy transition and climate action. AI-Powered Predictive Analytics and Sustainable Supply Chain Optimization are closely related, emphasizing the strategic value of data intelligence as well as operational efficiency in improving sustainability practices. These results offer important novel insights about how AI-powered methods might guide environmentally friendly choices in intricate industrial settings. Our method provides a strong and transparent framework for assessing ESG strategies under sustainability by incorporating fuzzy logic into decision-making. The study adds to the rapidly expanding body of research on AI-driven sustainability evaluations, from which companies, policymakers and other stakeholders could gain insight how to enhance their ESG performance as well as advance sustainable development. © The Author(s) 2025. | T19: Decision support systems; ESG strategies; Multi-criteria decision making; Sustainable development; Sustainable manufacturing | U19: article; blockchain; controlled study; decision making; decision support system; fuzzy logic; generative artificial intelligence; human; intelligence; multicriteria decision analysis; renewable energy; sustainable development; technique for order preference by similarity to ideal solution; waste management; workforce | AB19: Bexell, Magdalena, Responsibility and the United Nations’ Sustainable Development Goals, Forum for Development Studies, 44, 1, pp. 13-29, (2017); Georgeson, Lucien, Putting the United Nations Sustainable Development Goals into practice: A review of implementation, monitoring, and finance, Geo: Geography and Environment, 5, 1, (2018); Economy and Forecasting, (2020); van Niekerk, Arno Johan, Economic inclusivity: Africa’s MDG progress and lessons for SDGs, African Journal of Economic and Management Studies, 9, 1, pp. 101-107, (2018); Sdgs and Inclusive Education for all from Special Education to Addressing Social Inequalities, (2016); Ssrn Electronic Journal, (2024); Herath, Siriyama Kanthi, Investigation into the barriers to AI adoption in esg integration and identification of strategies to overcome these challenges, pp. 286-311, (2024); International Conference on Finance and Economics, (2024); Li, Yuanyuan, Assessing ESG Factors and Policies of Green Finance Investment Decisions for Sustainable Development in China Using the Fuzzy AHP and Fuzzy DEMATEL, Sustainability (Switzerland), 15, 21, (2023); Nguyen, Phi Hung, Breaking ground in ESG assessment: Integrated DEA and MCDM framework with spherical fuzzy sets for Vietnam's wire and cable sector, Journal of Open Innovation: Technology, Market, and Complexity, 9, 3, (2023) | AC19: A. Aljohani; Department of Computer Science and Informatics, Taibah University, Madinah, 42353, Saudi Arabia; email: aahjohani@taibahu.edu.sa | AE19: Nature Research | AK19: 20452322 | AN19: 40615575 | AO19: English | AP19: Sci. Rep. | AQ19: Article | AR19: Final | AS19: All Open Access; Gold Open Access; Green Accepted Open Access; Green Open Access | AT19: Scopus | AU19: 2-s2.0-105010086069 | AY19: Include
A20: 19 | B20: Mohd Salleh, M.N.M.; Alwi, S.; Rosnan, H.; Wahab, N.A. | C20: Mohd Salleh, Masrina Nadia (57215219634); Alwi, Shaliza Binti (57215222959); Rosnan, Herwina (55607323300); Wahab, Norwazli Abdul (59772713700) | D20: 57215219634; 57215222959; 55607323300; 59772713700 | E20: Exploring the impact of FinTech on sustainable development in Malaysia: an interpretative phenomenological analysis | F20: 2025 | G20: Discover Sustainability | H20: 6 | I20: 1 | J20: 373 | M20: 0 | N20: 0 | O20: 10.1007/s43621-025-01205-w | P20: https://www.scopus.com/inward/record.uri?eid=2-s2.0-105004270393&doi=10.1007%2Fs43621-025-01205-w&partnerID=40&md5=c13b847bfbc225c6e2cb20d78a6fff7a | Q20: Universiti Kebangsaan Malaysia, Bangi, Selangor, Malaysia; Universiti Teknologi MARA, Shah Alam, Selangor, Malaysia; Fakulti of Industrial Management, UMPSA University, Pekan, Malaysia | R20: Mohd Salleh, Masrina Nadia, Universiti Kebangsaan Malaysia, Bangi, Selangor, Malaysia; Alwi, Shaliza Binti, Universiti Teknologi MARA, Shah Alam, Selangor, Malaysia; Rosnan, Herwina, Universiti Teknologi MARA, Shah Alam, Selangor, Malaysia; Wahab, Norwazli Abdul, Fakulti of Industrial Management, UMPSA University, Pekan, Malaysia | S20: This study explores the cognitive and motivational factors influencing the innovative behaviors of Malaysian FinTech entrepreneurs and their contributions to the Sustainable Development Goals (SDGs), particularly in financial inclusion and economic growth. Using Interpretative Phenomenological Analysis (IPA), it examines the lived experiences of five entrepreneurs through semi-structured interviews and thematic analysis. The findings highlight how cognitive and affective factors shape decision-making, resilience, and adaptability in a rapidly evolving industry. This research links FinTech entrepreneurship to SDG 8 (Decent Work and Economic Growth), SDG 9 (Industry, Innovation, and Infrastructure), and SDG 10 (Reduced Inequality), underscoring its role in financial accessibility and sustainable development. It fills a gap in the literature by examining internal cognitive factors that drive innovation. The insights provide policymakers, educators, and industry stakeholders with strategies to foster a supportive FinTech ecosystem. Future research should explore the interactions between technology, regulations, and entrepreneurship, as well as cultural and regional differences. Longitudinal studies could track evolving cognitive and motivational influences. Examining global trends such as AI, blockchain, digital currencies, and ESG integration may further illuminate sustainable growth opportunities in Malaysia’s FinTech sector. © The Author(s) 2025. | T20: Entrepreneurship; Financial inclusion; FinTech; Innovation; Interpretative phenomenological analysis; Sustainable development goals | U20: economic growth; entrepreneur; financial services; innovation; social inclusion; Sustainable Development Goal; Malaysia | AA20: This work was supported by AAGBS UiTM grant. | AB20: Mohd Salleh, Masrina Nadia, Blockchain Applications Beyond Cryptocurrency: a Focus on Decentralized Markets and Contract Management, pp. 1107-1111, (2023); Bulletin of Applied Economics, (2024); Alwi, Shaliza Binti, Concept of Integration of Blockchain and Artificial Intelligence, pp. 1160-1163, (2023); Al-Okaily, Manaf, Sustainable fintech innovation orientation: A moderated model, Sustainability (Switzerland), 13, 24, (2021); Artificial Intelligence and Transforming Digital Marketing, (2023); International Journal of Global Economics and Management, (2024); Asif, Muhammad, Dark side whitewashes the benefits of FinTech innovations: a bibliometric overview, International Journal of Bank Marketing, 42, 1, pp. 113-132, (2024); Alwi, Shaliza Binti, Consumer acceptance and adoption towards payment-type fintech services from Malaysian perspective, International Journal of Advanced Science and Technology, 28, 15, pp. 148-163, (2019); Caragea, Doina, Competition and Innovation in the Financial Sector: Evidence from the Rise of FinTech Start-ups, Journal of Financial Services Research, 65, 1, pp. 103-140, (2024); Aduba, Joseph Jr, Does FinTech penetration drive financial development? Evidence from panel analysis of emerging and developing economies, Borsa Istanbul Review, 23, 5, pp. 1078-1097, (2023) | AC20: S. Alwi; Arshad Ayub Graduate Business School, UiTM, Shah Alam, Selangor, 40450, Malaysia; email: shalizaalwi@uitm.edu.my | AE20: Springer Nature | AK20: 26629984 | AO20: English | AP20: Discov Sustain | AQ20: Article | AR20: Final | AS20: All Open Access; Gold Open Access | AT20: Scopus | AU20: 2-s2.0-105004270393 | AY20: Include
A21: 20 | B21: Firouzian Haji, S.; Eshghollahi, S.E.; Ziari, M.; Tavakkoli–Moghaddam, R.; Rezaei, P. | C21: Firouzian Haji, Shayan Firouzian (59693788200); Eshghollahi, Seyedemran (59194510700); Ziari, Matineh (57221097393); Tavakkoli–Moghaddam, Reza (57207533714); Rezaei, Parsa (59566932500) | D21: 59693788200; 59194510700; 57221097393; 57207533714; 59566932500 | E21: A blockchain-based approach to enhance transparency and sustainability in a joint pricing and closed-loop supply chain network design problem | F21: 2025 | G21: Journal of Environmental Management | H21: 394 | J21: 127463 | M21: 0 | N21: 0 | O21: 10.1016/j.jenvman.2025.127463 | P21: https://www.scopus.com/inward/record.uri?eid=2-s2.0-105017229285&doi=10.1016%2Fj.jenvman.2025.127463&partnerID=40&md5=4d58d0fbf28971c1b4cadad352c88360 | Q21: School of Industrial Engineering, University of Tehran, Tehran, Tehran, Iran; School of Industrial and Information Engineering, Politecnico di Milano, Milan, MI, Italy; Research Center of Performance and Productivity Analysis, İstinye Üniversitesi, Istanbul, Turkey; Department of Operations Management and Business Statistics, Sultan Qaboos University, Muscat, Oman | R21: Firouzian Haji, Shayan Firouzian, School of Industrial Engineering, University of Tehran, Tehran, Tehran, Iran; Eshghollahi, Seyedemran, School of Industrial and Information Engineering, Politecnico di Milano, Milan, MI, Italy; Ziari, Matineh, School of Industrial Engineering, University of Tehran, Tehran, Tehran, Iran; Tavakkoli–Moghaddam, Reza, School of Industrial Engineering, University of Tehran, Tehran, Tehran, Iran, Research Center of Performance and Productivity Analysis, İstinye Üniversitesi, Istanbul, Turkey, Department of Operations Management and Business Statistics, Sultan Qaboos University, Muscat, Oman; Rezaei, Parsa, School of Industrial Engineering, University of Tehran, Tehran, Tehran, Iran | S21: This paper explores how blockchain technology (BCT) and decentralized autonomous organizations (DAOs) can effectively address challenges in supply chain management (SCM) by enhancing transparency, improving traceability, and reducing fraud. To this aim, a closed-loop supply chain (CLSC) model is introduced, integrating DAOs and smart contracts to promote environmental responsibility, economic viability, and social sustainability. The approach begins with developing a novel bi-objective sustainable joint pricing and closed-loop network design model, prioritizing profitability while ensuring compliance with environmental regulations and social responsibilities. Then, an integrated framework is created that combines smart contracts and DAOs to tackle transparency issues in product pricing and CO2 emission taxes. This framework empowers stakeholders to make real-time collective decisions, enhancing agility and flexibility through various strategies, including adopting green machinery, minimizing production lines, and utilizing off-chain processing. For optimizing the developed model was solved with the NSGA-III algorithm. The approach is applied to a real-world industrial case, the Hamedan Glass Industry, where a balanced environmentally-aware solution with off-chain processing yields net profit $237,659 and −0.0366 rate of incidences per person for social aspect of sustainability, with a final price of $2.88 for product. Profit-only optimization raises net profit by approximately 1 % with regard to the balanced solution, and by approximately 4.3 % against strongly social-weighted solutions. Implementing off-chain emission checks then enabling carbon-neutralization, followed by a reduction in production capacity in over-threshold centers results in a balanced outcome of higher profits but at the cost of a higher incidence rate. These results showcased the proposed framework's practical benefits and providing valuable insights applicable to various sectors. © 2025 Elsevier Ltd | T21: Blockchain technology; Decentralized autonomous organizations; Pricing; Supply chain network design; Sustainability; Transparency | U21: Economic and social effects; Environmental regulations; Green manufacturing; Product design; Profitability; Smart contract; Social aspects; Supply chain management; Supply chains; Taxation; Block-chain; Blockchain technology; Chain management; Closed-loop supply chain network designs; Decentralised; Decentralized autonomous organization; Joint pricing; Net profits; Network design problems; Supply chain network design; Costs; Sustainable development; Transparency; carbon; algorithm; corporate social responsibility; decentralization; economic impact; environmental impact; network design; neutralization; social impact; supply chain management; Article; blockchain; carbon dioxide emission; fraud; glass industry; incidence; nonhuman; production line; social aspect; social responsibility; supply chain; tax; cost; environmental protection; Hamadan; Blockchain; Conservation of Natural Resources; Costs and Cost Analysis | W21: carbon, 7440-44-0 | AB21: Abbas, Asad, Blockchain-assisted secured data management framework for health information analysis based on Internet of Medical Things, Personal and Ubiquitous Computing, 28, 1, pp. 59-72, (2024); Agarwal, Udit, Blockchain Technology for Secure Supply Chain Management: A Comprehensive Review, IEEE Access, 10, pp. 85493-85517, (2022); AlKahtani, Mohammed S., E-agricultural supply chain management coupled with blockchain effect and cooperative strategies, Sustainability (Switzerland), 13, 2, pp. 1-30, (2021); Bai, Chunguang April, A supply chain transparency and sustainability technology appraisal model for blockchain technology, International Journal of Production Research, 58, 7, pp. 2142-2162, (2020); Bellavitis, Cristiano, The rise of decentralized autonomous organizations (DAOs): a first empirical glimpse, Venture Capital, 25, 2, pp. 187-203, (2023); Blank, Julian, Pymoo: Multi-Objective Optimization in Python, IEEE Access, 8, pp. 89497-89509, (2020); Bottoni, Paolo, Blockchain-as-a-Service and Blockchain-as-a-Partner: Implementation options for supply chain optimization, Blockchain: Research and Applications, 4, 2, (2023); Casino, Fran, A systematic literature review of blockchain-based applications: Current status, classification and open issues, Telematics and Informatics, 36, pp. 55-81, (2019); Centobelli, Piera, Blockchain technology for bridging trust, traceability and transparency in circular supply chain, Information and Management, 59, 7, (2022); undefined, (2004) | AC21: M. Ziari; School of Industrial Engineering, College of Engineering, University of Tehran, Tehran, Iran; email: m.ziari@ut.ac.ir | AE21: Academic Press | AK21: 03014797; 10958630 | AM21: JEVMA | AN21: 41033214 | AO21: English | AP21: J. Environ. Manage. | AQ21: Article | AR21: Final | AT21: Scopus | AU21: 2-s2.0-105017229285 | AY21: Include
A22: 21 | B22: Zhu, S.; Xia, Y.; Yu, L.; Li, J. | C22: Zhu, Shichao (58084052500); Xia, Yusen (8539649300); Yu, Lean (8983968500); Li, Jian (57943275300) | D22: 58084052500; 8539649300; 8983968500; 57943275300 | E22: Leveraging blockchain technology to prevent deceptive disclosure of ESG compliance | F22: 2025 | G22: Transportation Research Part E: Logistics and Transportation Review | H22: 203 | J22: 104360 | M22: 0 | N22: 1 | O22: 10.1016/j.tre.2025.104360 | P22: https://www.scopus.com/inward/record.uri?eid=2-s2.0-105012822177&doi=10.1016%2Fj.tre.2025.104360&partnerID=40&md5=ffd59e57265f6af5181a0d990a37ffbd | Q22: School of Management and Engineering, Capital University of EcoNomics and Business, Beijing, China; College of Economics and Management, Beijing University of Technology, Beijing, China; J. Mack Robinson College of Business, Atlanta, GA, United States; Business School of Sichuan University, Chengdu, Sichuan, China | R22: Zhu, Shichao, School of Management and Engineering, Capital University of EcoNomics and Business, Beijing, China, College of Economics and Management, Beijing University of Technology, Beijing, China; Xia, Yusen, J. Mack Robinson College of Business, Atlanta, GA, United States; Yu, Lean, Business School of Sichuan University, Chengdu, Sichuan, China; Li, Jian, College of Economics and Management, Beijing University of Technology, Beijing, China | S22: Deceptive disclosure of environmental, social, and governance (ESG) compliance remains a persistent issue across diverse supply chains. The emergence of blockchain technology (BCT) has demonstrated significant potential to address this issue. Through a two-tier supply chain framework, we examine the impact of BCT adoption on the supplier's selection of ESG compliance disclosure strategies and assess whether such adoption benefits supply chain members. We find that the adoption of BCT benefits each participant by enhancing consumer trust in the supplier's ESG information (consumer trust incentive effect), but may also adversely affect some participants due to the elimination of the deceptive disclosure opportunity (anti-deception effect) and the existence of adoption cost (adoption cost effect). Notably, the benefit of BCT adoption for the retailer and consumers exhibits a non-monotonic relationship with the adoption cost. Moreover, the “concealing effect” of BCT adoption cost may discourage the supplier from joining the BCT system, exacerbating the issue of information asymmetry within the supply chain. Finally, stringent regulations against deceptive disclosure can compel the supplier to be more inclined toward BCT adoption. Our results shed light on the impact of interactive parameter changes on the optimal deployment of BCT to prevent deceptive disclosure of ESG information in supply chains. © 2025 Elsevier Ltd | T22: Blockchain technology; Concealing effect; Deceptive Disclosure; ESG compliance; Supply chain | U22: Blockchain; Cost benefit analysis; Cost effectiveness; Block-chain; Blockchain technology; Concealing effect; Deceptive disclosure; Environmental, social, and governance compliance; Incentive effects; Monotonics; Supplier selection; Technology adoption; Two tiers; Supply chains; compliance; supply chain management; technology adoption | Z22: National Natural Science Foundation of China, NNSF, (72442005, 72331007); National Natural Science Foundation of China, NNSF | AA22: This work was supported by the National Natural Science Foundation of China [grant numbers 72442005 , 72331007 ], and by the Youth Beijing Scholars Program. | AB22: Asif, Muhammad, ESG and Industry 5.0: The role of technologies in enhancing ESG disclosure, Technological Forecasting and Social Change, 195, (2023); Avramov, Doron, Dynamic ESG Equilibrium, Management Science, 71, 4, pp. 2867-2889, (2025); Babich, Volodymyr O., Distributed ledgers and operations: What operations management researchers should know about blockchain technology, Manufacturing and Service Operations Management, 22, 2, pp. 223-240, (2020); Highlights from the Bbmg Conscious Consumer Report, (2007); Cao, Huan, The Acquisition of Quality Information in a Supply Chain with Voluntary vs. Mandatory Disclosure, Production and Operations Management, 29, 3, pp. 595-616, (2020); Cao, Yifan, Buyer collaboration in managing supplier responsibility with ESG due diligence effort spillover and fairness concerns, Transportation Research Part E: Logistics and Transportation Review, 180, (2023); Caro, Felipe, Improving supplier compliance through joint and shared audits with collective penalty, Manufacturing and Service Operations Management, 20, 2, pp. 363-380, (2018); Chen, Qi, Impact of information disclosure on global supply chain greenwashing: Is more information transparency always better?, Transportation Research Part E: Logistics and Transportation Review, 178, (2023); Chen, Shi, Impact of Supply Chain Transparency on Sustainability under NGO Scrutiny, Production and Operations Management, 28, 12, pp. 3002-3022, (2019); Chod, Jiri, On the financing benefits of supply chain transparency and blockchain adoption, Management Science, 66, 10, pp. 4378-4396, (2020) | AC22: J. Li; College of Economics and Management, Beijing University of Technology, Beijing, 100124, China; email: lijiansem@bjut.edu.cn | AE22: Elsevier Ltd | AK22: 13665545 | AO22: English | AP22: Transp. Res. Part E Logist. Transp. Rev. | AQ22: Article | AR22: Final | AT22: Scopus | AU22: 2-s2.0-105012822177 | AY22: Include
A23: 22 | B23: Chien, F.; Mehmood, K.; Wang, Y.; Zhang, Y.; Piccardi, P. | C23: Chien, Fengsheng (57217025139); Mehmood, Khalid (57191993265); Wang, Yijin (60017621500); Zhang, Yunqian (57219968869); Piccardi, Patrice (57841227100) | D23: 57217025139; 57191993265; 60017621500; 57219968869; 57841227100 | E23: Smart ESG Framework for Corporate Responsibility Mechanism in Decentralized Finance | F23: 2025 | G23: Corporate Social Responsibility and Environmental Management | H23: 32 | I23: 6 | K23: 7467 | L23: 7489 | M23: 0 | N23: 1 | O23: 10.1002/csr.70064 | P23: https://www.scopus.com/inward/record.uri?eid=2-s2.0-105011860921&doi=10.1002%2Fcsr.70064&partnerID=40&md5=8227c170e87d0dbfa387c6b1f78af131 | Q23: Carbon Economics Research Institute, Fuzhou University of Foreign Studies and Trade, Fuzhou, Fujian, China; Faculty of Finance, City University of Macau, Taipa, Macao; School of Economics and Management, Hubei Engineering University, Xiaogan, Hubei, China; Faculty of International Tourism and Management, University of Macau, Taipa, Macao; Department of Management, Burgundy School of Business, Dijon, Bourgogne-Franche-Comte, France | R23: Chien, Fengsheng, Carbon Economics Research Institute, Fuzhou University of Foreign Studies and Trade, Fuzhou, Fujian, China, Faculty of Finance, City University of Macau, Taipa, Macao; Mehmood, Khalid, School of Economics and Management, Hubei Engineering University, Xiaogan, Hubei, China; Wang, Yijin, Carbon Economics Research Institute, Fuzhou University of Foreign Studies and Trade, Fuzhou, Fujian, China; Zhang, Yunqian, Carbon Economics Research Institute, Fuzhou University of Foreign Studies and Trade, Fuzhou, Fujian, China, Faculty of International Tourism and Management, University of Macau, Taipa, Macao; Piccardi, Patrice, Department of Management, Burgundy School of Business, Dijon, Bourgogne-Franche-Comte, France | S23: This study innovatively constructs a global regulatory framework of smart contract technology and environmental, social, and governance (ESG) investment standard in the decentralized finance (DeFi) market based on the analysis of capital inflow/outflow rate, technological innovation index, and financial market openness on DeFi market volatility, liquidity risk, and market stability. The paper establishes a “smart ESG” framework to guide market compliance and sustainable development. The framework stresses the significance of corporate social responsibility (CSR) practice and environmental management in the guidance of financial decision-making in the DeFi space to promote sustainable development and achieve the win-win situation of financial activities to society and the environment. Furthermore, based on the BART model (Blockchain Automated Regulatory Tool), the dynamic predictive regulatory (DPR) framework and incentive dynamic governance index (IDGI) model, this study constructs a multi-level regulatory system to cope with the complex and dynamic DeFi market. The empirical analysis is based on the top 10 economies in the world, and the feasibility of the framework in different market conditions is verified. This study not only enriches the theoretical framework of combining DeFi and ESG but also provides policymakers with feasible regulatory strategies for incorporating CSR and environmental management into the regulatory system to promote the stability and sustainable development of global financial markets. © 2025 ERP Environment and John Wiley & Sons Ltd. | T23: blockchain; decentralized finance (DeFi); ESG investing; global regulatory framework; smart contracts | Z23: Natural Science Foundation of Fujian Province, (2023J011134, 2023FZB88); Ministry of Education of the People's Republic of China, MOE, (24YJA790018); (FJ2024BF009); Fujian Association for Science and Technology, FAST, (FJKX‐2024XKB040); (JAS23177) | AA23: Funding text 1: The work was supported by the 2024 Humanities and Social Sciences Research Project of the Ministry of Education (grant number: 24YJA790018); 2023 Natural Science Foundation of Fujian Province (grant number: 2023J011134); 2023 Social Science Fund of Fuzhou City (grant number: 2023FZB88); 2024 Fujian Provincial Social Science Program (grant number: JAS23177); 2024 Fujian Province Fujian Association for Science and Technology Innovation Think Tank Research Program (grant number: FJKX\u20102024XKB040); 2024 Social Science Fund of Fujian Province (grant number: FJ2024BF009). Funding:; Funding text 2: We are grateful to anonymous reviewers and the editor for their insightful comments and suggestions. The research was supported by the 2024 Humanities and Social Sciences Research Project of the Ministry of Education (grant number: 24YJA790018); 2023 Natural Science Foundation of Fujian Province (grant number: 2023J011134); 2023 Social Science Fund of Fuzhou City (grant number: 2023FZB88); 2024 Fujian Provincial Social Science Program (grant number: JAS23177); 2024 Fujian Province Fujian Association for Science and Technology Innovation Think Tank Research Program (grant number: FJKX\u20102024XKB040); 2024 Social Science Fund of Fujian Province (grant number: FJ2024BF009). | AB23: European Proceedings of Social and Behavioural Sciences, (2019); Harvard Negotiation Law Review, (2019); Alniacik, Umit, How corporate social responsibility information influences stakeholders' intentions, Corporate Social Responsibility and Environmental Management, 18, 4, pp. 234-245, (2011); Annesi, Nora, Navigating paradoxes: building a sustainable strategy for an integrated ESG corporate governance, Management Decision, 63, 2, pp. 531-559, (2025); Apergis, Nicholas, ESG scores and cost of debt, Energy Economics, 112, (2022); Ayadi, Imen, Firms in Times of Economic Uncertainty: Digital Integration to Counter Information Asymmetry and ESG Controversies, Business Ethics, the Environment and Responsibility, (2025); Bertomeu, Jeremy, Measuring DeFi risk, Finance Research Letters, 63, (2024); Cader, Justyna, Corporate social responsibility as a significant factor of competitive advantage - a case study of energy companies in Poland, Energy Reports, 8, pp. 7989-8001, (2022); Casciello, Raffaela, Green innovation and financial performance. The role of R&D investments and ESG disclosure, Corporate Social Responsibility and Environmental Management, 31, 6, pp. 5372-5390, (2024); Cerchione, Roberto, Design and evaluation of a blockchain-based system for increasing customer engagement in circular economy, Corporate Social Responsibility and Environmental Management, 32, 1, pp. 160-175, (2025) | AC23: Y. Zhang; Carbon Economics Research Institute, Fuzhou University of International Studies and Trade, Fuzhou, China; email: zhangyunqian@fzfu.edu.cn; K. Mehmood; Research Center of Hubei Micro & Small Enterprises Development, School of Economics and Management, Hubei Engineering University, Xiaogan, China; email: khalid@hbeu.edu.cn | AE23: John Wiley and Sons Ltd | AK23: 15353958; 15353966 | AO23: English | AP23: Corp. Soc. Responsib. Environ. Manage. | AQ23: Article | AR23: Final | AT23: Scopus | AU23: 2-s2.0-105011860921 | AY23: Include
A24: 23 | B24: Naifar, N. | C24: Naifar, Nader A. (56108302500) | D24: 56108302500 | E24: Biodiversity finance, green bonds, and tokenized carbon: a Quantile-on-Quantile connectedness analysis | F24: 2025 | G24: Finance Research Letters | H24: 85 | J24: 108009 | M24: 0 | N24: 1 | O24: 10.1016/j.frl.2025.108009 | P24: https://www.scopus.com/inward/record.uri?eid=2-s2.0-105011381538&doi=10.1016%2Fj.frl.2025.108009&partnerID=40&md5=c32e9c2a8bbdba2362edc9b38c011ae6 | Q24: Imam Mohammad Ibn Saud Islamic University, Riyadh, Riyad, Saudi Arabia | R24: Naifar, Nader A., Imam Mohammad Ibn Saud Islamic University, Riyadh, Riyad, Saudi Arabia | S24: Biodiversity is critical to ecological and financial stability, yet its integration into sustainable finance remains underexplored. This study analyzes the dynamic connectedness between biodiversity finance, green bonds, and tokenized carbon assets using the Quantile-on-Quantile Connectedness framework developed by Gabauer and Stenfors (2024). Results reveal nonlinear, state-dependent spillovers that intensify under extreme market conditions. Biodiversity assets alternate between shock transmitters and receivers, with implications for ESG portfolio construction and systemic risk oversight. The findings indicate the value of quantile-based modeling and support the case for nature-aligned financial regulation and risk management. © 2025 | T24: Biodiversity finance; ESG blockchain assets; Green bonds; Quantile-on-Quantile connectedness | Z24: Deanship of Scientific Research, Imam Mohammed Ibn Saud Islamic University; Imam Mohammed Ibn Saud Islamic University, IMSIU, (IMS IU-DDRSP2504); Imam Mohammed Ibn Saud Islamic University, IMSIU | AA24: This work was supported and funded by the Deanship of Scientific Research at Imam Mohammad Ibn Saud Islamic University (IMSIU) (grant number IMSIU-DDRSP2504). | AB24: Barclay, Iain, Tokenizing Behavior Change: A Pathway for the Sustainable Development Goals, Frontiers in Blockchain, 4, (2021); Chatziantoniou, Ioannis, Interest rate swaps and the transmission mechanism of monetary policy: A quantile connectedness approach, Economics Letters, 204, (2021); Di Marco, Moreno, The extent and predictability of the biodiversity–carbon correlation, Ecology Letters, 21, 3, pp. 365-375, (2018); El Ouadghiri, Imane, Attention to biodiversity and stock returns, International Review of Financial Analysis, 97, (2025); Flammer, Caroline, Biodiversity finance, Journal of Financial Economics, 164, (2025); Gabauer, David, Quantile-on-quantile connectedness measures: Evidence from the US treasury yield curve, Finance Research Letters, 60, (2024); Gao, Zhiyuan, Nurturing nature: The role of green finance in reviving urban biodiversity, Quarterly Review of Economics and Finance, 102, (2025); Hasan, Mostafa Monzur, Expanding horizons, shrinking habitats: Firm scope and biodiversity risk, Finance Research Letters, 79, (2025); Jung, Martin, Areas of global importance for conserving terrestrial biodiversity, carbon and water, Nature Ecology and Evolution, 5, 11, pp. 1499-1509, (2021); Lang, Chunlin, Connectedness and co-movement between dirty energy, clean energy and global COVOL, Finance Research Letters, 63, (2024) | AE24: Elsevier Ltd | AK24: 15446123; 15446131 | AO24: English | AP24: Finan. Res. Lett. | AQ24: Article | AR24: Final | AT24: Scopus | AU24: 2-s2.0-105011381538 | AY24: Include
A25: 24 | B25: Offiong, U.P.; Szopik-Depczyńska, K.; Ioppolo, G. | C25: Offiong, Uwakmfon Promise (59464753200); Szopik-Depczyńska, Katarzyna (57189388401); Ioppolo, Giuseppe (36097581800) | D25: 59464753200; 57189388401; 36097581800 | E25: FinTech Innovations for Sustainable Development: A Comprehensive Literature Review and Future Directions | F25: 2025 | G25: Sustainable Development | H25: 33 | I25: S1 | K25: 1459 | L25: 1471 | M25: 0 | N25: 2 | O25: 10.1002/sd.70068 | P25: https://www.scopus.com/inward/record.uri?eid=2-s2.0-105010326124&doi=10.1002%2Fsd.70068&partnerID=40&md5=6986bca9eb72e91966f6d56ddc86d76c | Q25: Doctoral School, Uniwersytet Szczecinski, Szczecin, Poland; Institute of Management, Uniwersytet Szczecinski, Szczecin, Poland; Department of Economics, Università degli Studi di Messina, Messina, ME, Italy | R25: Offiong, Uwakmfon Promise, Doctoral School, Uniwersytet Szczecinski, Szczecin, Poland; Szopik-Depczyńska, Katarzyna, Institute of Management, Uniwersytet Szczecinski, Szczecin, Poland; Ioppolo, Giuseppe, Department of Economics, Università degli Studi di Messina, Messina, ME, Italy | S25: The integration of FinTech and sustainability is increasingly important due to the need for sustainable development and a greener economy. Blockchain, AI, and big data analytics are revolutionizing business, but their potential for advancing sustainable practices is understudied. To conduct a thorough analysis of the current body of literature about the role of FinTech innovations for sustainable development, pinpointing significant patterns, obstacles, and prospects within this ever-evolving domain and identifying thematic clusters. In addition to filling knowledge gaps, this research will suggest future directions for investigation that will advance our comprehension of how FinTech might promote sustainable development. A comprehensive review (based on the publications indexed in the Web of Science and Scopus databases). The framework involves consolidating the literature using VOS viewer software to identify gaps extracted from primary literature on the topic under review to suggest future research directions. The review shows that through improving resource efficiency, lowering carbon footprints, and fostering accessible green products and services, FinTech innovations have a great deal of potential to advance sustainable development. Critical gaps in the literature are identified by the study, including the need for additional empirical research. The findings not only map the intellectual structure of the field but also provide a future research agenda aimed at guiding scholars, practitioners, and policymakers. What sets this review apart is its explicit focus on surfacing emerging and underexplored research gaps, including stakeholder co-creation, gender disparities in FinTech access, scaling digital social entrepreneurship, and ESG integration in African contexts. Rather than summarizing known findings, this paper presents a narrative-driven roadmap for advancing future inquiry. The findings contribute to both theory and practice by revealing how FinTech can more effectively support sustainable development through inclusive, targeted, and regionally adaptive innovation. © 2025 ERP Environment and John Wiley & Sons Ltd. | T25: financial technology; FinTech innovations; sustainability; sustainable development comprehensive review | U25: artificial intelligence; innovation; literature review; software; sustainability; sustainable development | Z25: Ministerstwo Edukacji i Nauki, MNiSW | AA25: Funding: This work was supported by Ministerstwo Edukacji i Nauki. Co-financed by the Minister of Science under the \u201CRegional Excellence Initiative\u201D Program. | AB25: Turkish Journal of Islamic Economics, (2021); Journal of Entrepreneurship Management and Innovation, (2016); Horobet, Alexandra Lavinia, ESG Reporting and Capital Market Investors: Insights from the Global Technology and Fintech Industries, Studies in Business and Economics, 18, 2, pp. 178-195, (2023); AlHares, Aws, THE EFFECT OF FINANCIAL TECHNOLOGY ON THE SUSTAINABILITY OF BANKS IN THE GULF COOPERATION COUNCIL COUNTRIES, Corporate Governance and Organizational Behavior Review, 6, 4 Special Issue, pp. 359-373, (2022); Arner, Douglas W., Sustainability, FinTech and Financial Inclusion, European Business Organization Law Review, 21, 1, pp. 7-35, (2020); Ashta, Arvind, How Can Fintech Companies Get Involved in the Environment?, Sustainability (Switzerland), 15, 13, (2023); Ashta, Arvind, Artificial intelligence and fintech: An overview of opportunities and risks for banking, investments, and microfinance, Strategic Change, 30, 3, pp. 211-222, (2021); Simplice, Asongu Anutechia, Fighting African capital flight: trajectories, dynamics, and tendencies, Financial Innovation, 6, 1, (2020); Bayram, Orkun, Can Fintech Promote Sustainable Finance? Policy Lessons from the Case of Turkey, Sustainability (Switzerland), 14, 19, (2022); Benami, Elinor, Can digital technologies reshape rural microfinance? Implications for savings, credit, & insurance, Applied Economic Perspectives and Policy, 43, 4, pp. 1196-1220, (2021) | AC25: K. Szopik-Depczyńska; Institute of Management, University of Szczecin, Szczecin, Poland; email: katarzyna.szopik-depczynska@usz.edu.pl | AE25: John Wiley and Sons Ltd | AK25: 09680802; 10991719 | AL25: 0415282101; 9780203495933 | AO25: English | AP25: Sustainable Dev. | AQ25: Review | AR25: Final | AS25: All Open Access; Bronze Open Access | AT25: Scopus | AU25: 2-s2.0-105010326124 | AY25: Include
A26: 25 | B26: Shabbir, M. | C26: Shabbir, Muhammad Salman (57188818896) | D26: 57188818896 | E26: Corporate Sustainability Reimagined: A Bibliometric–Systematic Literature Review of Governance, Technology, and Stakeholder-Driven Strategies for SDG Impact | F26: 2025 | G26: Business Strategy and the Environment | H26: 34 | I26: 7 | K26: 9203 | L26: 9222 | M26: 0 | N26: 4 | O26: 10.1002/bse.70070 | P26: https://www.scopus.com/inward/record.uri?eid=2-s2.0-105010016422&doi=10.1002%2Fbse.70070&partnerID=40&md5=14fb828d605f61680ed6972c715c4a70 | Q26: York St John University, York, North Yorkshire, United Kingdom | R26: Shabbir, Muhammad Salman, York St John University, York, North Yorkshire, United Kingdom | S26: Due to the growing expectation that businesses incorporate the sustainable development goals (SDGs) of the UN into their governance, strategy, and operations, corporate sustainability has become a multifaceted necessity. Although the amount of study in this field is increasing, a comprehensive understanding of its development is constrained by disjointed approaches and a lack of coherence across theoretical, methodological, and thematic aspects. Bibliometric–systematic literature review (B-SLR) of 267 peer-reviewed articles published from 2015 to 2023 fills this gap by collecting both qualitative and quantitative trends. The study finds a three-phase evolutionary trajectory that signifies the transition from normative CSR narratives to strategic, innovation-driven sustainability models: emergence (2015–2017), consolidation (2018–2020), and institutionalization (2021–2023). ESG transparency, stakeholder governance, digital sustainability, and circular economy practices are important research areas that represent the increasing integration of blockchain, artificial intelligence, and the Internet of Things. The report also identifies prominent academics, publications, and national partnerships, all of which are backed by bibliographic coupling and co-citation analyses. Based on the theories of stakeholders, resource-based views (RBVs), institutions, and legitimacy, the results lead to a conceptual framework that summarizes the factors that influence corporate sustainability. Through cross-sectoral and multistakeholder engagement, the study provides practical insights for improving governance that is aligned with the SDGs, institutional accountability, and innovation-led sustainability solutions. © 2025 ERP Environment and John Wiley & Sons Ltd. | T26: corporate sustainability; environmental social governance (ESG); stakeholder engagement; sustainable development goals (SDGs); technological innovation | U26: circular economy; corporate social responsibility; innovation; sustainability; Sustainable Development Goal; technological development; theoretical study | AB26: Aguilera, Ruth, The Corporate Governance of Environmental Sustainability: A Review and Proposal for More Integrated Research, Journal of Management, 47, 6, pp. 1468-1497, (2021); Ameer, Farah, Green entrepreneurial orientation and corporate environmental performance: A systematic literature review, European Management Journal, 41, 5, pp. 755-778, (2023); Arruda, Erick Hungaro, Circular economy: A brief literature review (2015–2020), Sustainable Operations and Computers, 2, pp. 79-86, (2021); Attanasio, Giovanna, Stakeholder engagement in business models for sustainability: The stakeholder value flow model for sustainable development, Business Strategy and the Environment, 31, 3, pp. 860-874, (2022); Azmat, Fara, Convergence of business, innovation, and sustainability at the tipping point of the sustainable development goals, Journal of Business Research, 167, (2023); Barney, Jay Bryan, Special Theory Forum the Resource-Based Model of the Firm: Origins, Implications, and Prospects, Journal of Management, 17, 1, pp. 97-98, (1991); Bartolacci, Francesca, Sustainability and financial performance of small and medium sized enterprises: A bibliometric and systematic literature review, Business Strategy and the Environment, 29, 3, pp. 1297-1309, (2020); Bel-Oms, Inmaculada, Determinants and consequences of environmental, social and governance controversies. Status quo and limitations of recent empirical quantitative research, Corporate Social Responsibility and Environmental Management, 32, 2, pp. 2412-2437, (2025); Beloskar, Ved Dilip, Gender equality and women's empowerment: A bibliometric review of the literature on SDG 5 through the management lens, Journal of Business Research, 172, (2024); Berrone, Pascual, How can research contribute to the implementation of sustainable development goals? An interpretive review of SDG literature in management, International Journal of Management Reviews, 25, 2, pp. 318-339, (2023) | AC26: M. Shabbir; York St John University, London Campus, London, United Kingdom; email: salman.shabbir55@gmail.com | AE26: John Wiley and Sons Ltd | AK26: 09644733; 10990836 | AO26: English | AP26: Bus. Strategy Environ. | AQ26: Article | AR26: Final | AS26: All Open Access; Bronze Open Access | AT26: Scopus | AU26: 2-s2.0-105010016422 | AY26: Include
A27: 26 | B27: Gashi, K.; Vardari, L. | C27: Gashi, Kushtrim (57416280600); Vardari, Luan (57217826669) | D27: 57416280600; 57217826669 | F27: 2025 | N27: 2 | O27: 10.1108/978-1-83608-462-420251004 | P27: https://www.scopus.com/inward/record.uri?eid=2-s2.0-105023459217&doi=10.1108%2F978-1-83608-462-420251004&partnerID=40&md5=32b9db3e00ab9a5a759eec666efd7eb6 | Q27: Universiteti i Prizrenit, Prizren, Serbia | R27: Gashi, Kushtrim, Universiteti i Prizrenit, Prizren, Serbia; Vardari, Luan, Universiteti i Prizrenit, Prizren, Serbia | S27: [No abstract available] | AB27: Management of Sustainable Development, (2021); Sustainable Finance, (2019); (2021); Awamleh, Fawwaz Tawfiq, Enhancing Sustainable Development Through International Performance Indicators: The Role of Business Intelligence Techniques, Challenges in Sustainability, 12, 3, pp. 203-218, (2024); Green Finance Actors Challenges and Policy Recommendations, (2016); (2019); Chen, Hsinchun Chun, Business intelligence and analytics: From big data to big impact, MIS Quarterly: Management Information Systems, 36, 4, pp. 1165-1188, (2012); Journal of Sustainable Finance Investment, (2015); D’Orazio, Paola, The role of finance in environmental innovation diffusion: An evolutionary modeling approach, Journal of Economic Behavior and Organization, 162, pp. 417-439, (2019); (2020) | AL27: 9781836084624; 9781836084631 | AQ27: Book chapter | AU27: 2-s2.0-105023459217 | AY27: Exclude | AZ27: Only selected Articles, Reviews, and Conference papers
A28: 27 | B28: Subrahmanyam, S. | C28: Subrahmanyam, Satya (57968066200) | D28: 57968066200 | F28: 2025 | N28: 0 | O28: 10.4018/979-8-3373-2419-7.ch008 | P28: https://www.scopus.com/inward/record.uri?eid=2-s2.0-105023462258&doi=10.4018%2F979-8-3373-2419-7.ch008&partnerID=40&md5=9b84f6272ca95286e9f6588b6ab4642d | Q28: Holy Spirit University of Kaslik (USEK), Jounieh, Mount Lebanon, Lebanon | R28: Subrahmanyam, Satya, Holy Spirit University of Kaslik (USEK), Jounieh, Mount Lebanon, Lebanon | S28: [No abstract available] | AB28: Azoury, Nehme M., The Influence of a Data-Driven Culture on Product Development and Organizational Success through the Use of Business Analytics, Journal of Wireless Mobile Networks, Ubiquitous Computing, and Dependable Applications, 15, 2, pp. 123-134, (2024); Man, Johannes Cornelis De, An Industry 4.0 Research Agenda for Sustainable Business Models, Procedia CIRP, 63, pp. 721-726, (2017); Delmas, Magali A., The drivers of greenwashing, California Management Review, 54, 1, pp. 64-87, (2011); Eccles, Robert G., The impact of corporate sustainability on organizational processes and performance, Management Science, 60, 11, pp. 2835-2857, (2014); Eccles, Robert G., The investor revolution, Harvard Business Review, 2019, May-June, pp. 106-116, (2019); Cannibals with Forks the Triple Bottom Line of 21st Century Business, (1997); 25 Years Ago I Coined the Phrase Triple Bottom Line Heres Why Its Time to Rethink It, (2018); Corporate Sustainability Reporting, (2022); Deepmind AI Reduces Google Data Centre Cooling Bill by 40, (2016); (2021) | AL28: 9798337324197; 9798337324210 | AQ28: Book chapter | AU28: 2-s2.0-105023462258 | AY28: Exclude | AZ28: Only selected Articles, Reviews, and Conference papers
A29: 28 | B29: Kistaubayev, Y.; Liébana-Cabanillas, F.; Shaikh, A.A.; Mutanov, G.; Ussatova, O.; Shinbayeva, A. | C29: Kistaubayev, Yerlan (57290830100); Liébana-Cabanillas, F. José (55151541700); Shaikh, Aijaz A. (55337211300); Mutanov, Galimkair M. (6506682964); Ussatova, Olga A. (57204581062); Shinbayeva, Ainura (56373174100) | D29: 57290830100; 55151541700; 55337211300; 6506682964; 57204581062; 56373174100 | E29: Enhancing Transparency and Trust in Higher Education Institutions via Blockchain: A Conceptual Model Utilizing the Ethereum Consortium Approach | F29: 2025 | G29: Sustainability (Switzerland) | H29: 17 | I29: 20 | J29: 9350 | M29: 0 | N29: 0 | O29: 10.3390/su17209350 | P29: https://www.scopus.com/inward/record.uri?eid=2-s2.0-105020082340&doi=10.3390%2Fsu17209350&partnerID=40&md5=b616b8a297347c11a8fd22a257ae84af | Q29: Faculty of Information Technology, Al Farabi Kazakh National University, Almaty, Kazakhstan; Department of Marketing and Market Research, Universidad de Granada, Granada, Granada, Spain; Department of Information Science, Institute of Information and Computational Technologies, Almaty, Kazakhstan; Department of Standardization, Satbayev University, Almaty, Kazakhstan | R29: Kistaubayev, Yerlan, Faculty of Information Technology, Al Farabi Kazakh National University, Almaty, Kazakhstan; Liébana-Cabanillas, F. José, Department of Marketing and Market Research, Universidad de Granada, Granada, Granada, Spain; Shaikh, Aijaz A., Department of Information Science, Institute of Information and Computational Technologies, Almaty, Kazakhstan; Mutanov, Galimkair M., Department of Information Science, Institute of Information and Computational Technologies, Almaty, Kazakhstan; Ussatova, Olga A., Department of Information Science, Institute of Information and Computational Technologies, Almaty, Kazakhstan; Shinbayeva, Ainura, Department of Standardization, Satbayev University, Almaty, Kazakhstan | S29: It has been recognized that Blockchain technology contributes to environmentally sustainable development goals (SDGs). It has emerged as a disruptive innovation capable of transforming various economic and social sectors significantly. This conceptual paper is driven by the need to explore how blockchain, specifically a consortium-based Ethereum architecture, can be integrated into higher education institutions to ensure data sovereignty, integrity, and verifiability while adhering to legal and ethical standards such as GDPR. We propose a multi-layered blockchain-based model for Kazakhstan’s Unified Platform of Higher Education (UPHE). This model employs hybrid on-chain/off-chain data storage, smart contract automation, and a Proof-of-Authority consensus mechanism to address system limitations, including data centralization and inadequate verification of academic credentials. Empirical simulations using Blockscout and Ethereum-compatible tools demonstrate the model’s feasibility and performance. This paper contributes to the growing discussion on educational blockchain applications by presenting a scalable, secure, and transparent architecture that aligns with institutional governance and Environmental, Social, and Governance (ESG) principles. It also supports the objectives of UN SDG 4 (i.e., Quality education) by fostering trust, transparency, and equitable access to verifiable educational credentials. © 2025 by the authors. | T29: blockchain adoption; interdisciplinary analysis; organisational innovation; sectoral impact; technology integration | U29: architecture; centralization; higher education; hybrid; innovation; Sustainable Development Goal; transparency; Kazakhstan | AB29: Parmentola, Adele, Is blockchain able to enhance environmental sustainability? A systematic review and research agenda from the perspective of Sustainable Development Goals (SDGs), Business Strategy and the Environment, 31, 1, pp. 194-217, (2022); Glavanits, Judit, Sustainable public spending through blockchain, European Journal of Sustainable Development, 9, 4, pp. 317-327, (2020); Choi, Eunsun, Blockchain-Centered Educational Program Embodies and Advances 2030 Sustainable Development Goals, Sustainability (Switzerland), 14, 7, (2022); Iansiti, Marco, The truth about blockchain, Harvard Business Review, 2017, January-February, (2017); San, Aye Mi, Blockchain-based Learning Credential Verification System with Recipient Privacy Control, (2019); Rhemananda, Happy, Blockchain Technology to Support Employee Recruitment and Selection in Industrial Revolution 4.0, Lecture Notes in Networks and Systems, 149, pp. 305-311, (2021); Alotaibi, Eid M., Blockchain-based conceptual model for enhanced transparency in government records: a design science research approach, International Journal of Information Management Data Insights, 5, 1, (2025); Dias, Paulo Victor G.F., Blockchain Technologies: A scrutiny into Hyperledger Fabric for Higher Educational Institutions, Procedia Computer Science, 237, pp. 213-220, (2024); undefined; Baniata, Hamza, PriFoB: A Privacy-aware Fog-enhanced Blockchain-based system for Global Accreditation and Credential Verification, Journal of Network and Computer Applications, 205, (2022) | AC29: F. Liébana-Cabanillas; Marketing and Market Research Department, University of Granada, Granada, 18071, Spain; email: franlieb@ugr.es | AE29: Multidisciplinary Digital Publishing Institute (MDPI) | AK29: 20711050 | AO29: English | AP29: Sustainability | AQ29: Article | AR29: Final | AS29: All Open Access; Gold Open Access | AT29: Scopus | AU29: 2-s2.0-105020082340 | AY29: Include
A30: 29 | B30: Dev, D.; Sharma, G.D.; Gupta, M.; Tiwari, A.K. | C30: Dev, Dhairya (57916029400); Sharma, Gagan Deep (53064562000); Gupta, Mansi (58037578200); Tiwari, Aviral Kumar (57204698496) | D30: 57916029400; 53064562000; 58037578200; 57204698496 | E30: Sustainable finance in action: A comprehensive framework for policy and practice integration | F30: 2025 | G30: International Review of Economics and Finance | H30: 103 | J30: 104511 | M30: 0 | N30: 1 | O30: 10.1016/j.iref.2025.104511 | P30: https://www.scopus.com/inward/record.uri?eid=2-s2.0-105012868547&doi=10.1016%2Fj.iref.2025.104511&partnerID=40&md5=329062e407fe9c9b4035ba88a9dd1571 | Q30: Guru Gobind Singh Indraprastha University, New Delhi, DL, India; Centre of International Programmes, Széchenyi István University, Gyor, Gyor-Moson-Sopron, Hungary; Guru Gobind Singh Indraprastha University, New Delhi, DL, India; Indian Institute of Management Bodh Gaya, Gaya, BR, India | R30: Dev, Dhairya, Guru Gobind Singh Indraprastha University, New Delhi, DL, India; Sharma, Gagan Deep, Guru Gobind Singh Indraprastha University, New Delhi, DL, India, Centre of International Programmes, Széchenyi István University, Gyor, Gyor-Moson-Sopron, Hungary; Gupta, Mansi, Guru Gobind Singh Indraprastha University, New Delhi, DL, India; Tiwari, Aviral Kumar, Indian Institute of Management Bodh Gaya, Gaya, BR, India | S30: This study examines the current state of sustainable finance and proposes a strategic roadmap for its advancement in policy and practice, emphasizing the integration of sustainability principles into financial systems to address global environmental and social challenges. Using an integrative literature review of 684 scholarly articles—combining bibliometric analysis with manual review—the research identifies six critical themes and highlights major barriers such as regulatory ambiguity, lack of standardized metrics, and limited data availability. It offers targeted recommendations for policymakers, financial institutions, and stakeholders to overcome these challenges. The study provides a novel methodological contribution by merging bibliometric and qualitative insights, and outlines practical strategies to enhance regulatory frameworks, encourage innovation in sustainable finance, and promote emerging technologies like blockchain and artificial intelligence. Ultimately, it supports the integration of environmental, social, and governance (ESG) considerations into financial practices, fostering a more responsible and inclusive financial ecosystem. © 2025 The Authors | T30: Climate finance; ESG; Holistic value addition (HVA); Portfolio diversification; Sustainable development goals; Sustainable investment | AB30: Abela, Mario, “A new direction? The “mainstreaming” of sustainability reporting”, Sustainability Accounting, Management and Policy Journal, 13, 6, pp. 1261-1283, (2022); Abeysekera, Indra, A framework for sustainability reporting, Sustainability Accounting, Management and Policy Journal, 13, 6, pp. 1386-1409, (2022); Adeneye, Yusuf Babatunde, Capital structure and speed of adjustment: the impact of environmental, social and governance (ESG) performance, Sustainability Accounting, Management and Policy Journal, 14, 5, pp. 945-977, (2023); Agliardi, Elettra, Financing environmentally-sustainable projects with green bonds, Environment and Development Economics, 24, 6, pp. 608-623, (2019); Ailawadi, Kusum L., Communication and Promotion Decisions in Retailing: A Review and Directions for Future Research, Journal of Retailing, 85, 1, pp. 42-55, (2009); Akrout, Houcine, Affective trust in buyer-seller relationships: a two-dimensional scale, Journal of Business and Industrial Marketing, 31, 2, pp. 260-273, (2016); Alda, Mercedes, ESG fund scores in UK SRI and conventional pension funds: Are the ESG concerns of the SRI niche affecting the conventional mainstream?, Finance Research Letters, 36, (2020); Alda, Mercedes, Behavioural analysis of socially responsible investment managers: specialists versus non-specialists, Research in International Business and Finance, 54, (2020); Aparicio, Gloria, Conceptual structure and perspectives on entrepreneurship education research: A bibliometric review, European Research on Management and Business Economics, 25, 3, pp. 105-113, (2019); Preface: A background to the challenges in managing sustainable business, pp. v-xiii, (2018) | AC30: G.D. Sharma; University School of Management Studies, Guru Gobind Singh Indraprastha University, New Delhi, Sector 16C, Dwarka, 110078, India; email: angrishgagan@gmail.com | AE30: Elsevier Inc. | AK30: 10590560 | AO30: English | AP30: Int. Rev. Econ. Financ. | AQ30: Article | AR30: Final | AS30: All Open Access; Gold Open Access | AT30: Scopus | AU30: 2-s2.0-105012868547 | AY30: Include
A31: 30 | B31: Mbanyele, W.; Muchenje, L.T. | C31: Mbanyele, William (57217119051); Muchenje, Linda Tinofirei (57267703800) | D31: 57217119051; 57267703800 | E31: Towards a greener future: The role of blockchain legislation in promoting corporate green innovation | F31: 2025 | G31: International Review of Economics and Finance | H31: 103 | J31: 104400 | M31: 0 | N31: 1 | O31: 10.1016/j.iref.2025.104400 | P31: https://www.scopus.com/inward/record.uri?eid=2-s2.0-105010580281&doi=10.1016%2Fj.iref.2025.104400&partnerID=40&md5=3b50832d7fa26e10de195dd50a658521 | Q31: Center for Economic Research, Shandong University, Jinan, Shandong, China; University of Canterbury, Christchurch, CAN, New Zealand | R31: Mbanyele, William, Center for Economic Research, Shandong University, Jinan, Shandong, China; Muchenje, Linda Tinofirei, University of Canterbury, Christchurch, CAN, New Zealand | S31: In this study, we examine how blockchain adoption impacts the production of green technologies using the staggered implementation of blockchain-friendly laws in the United States as quasi-exogenous shocks. Our analysis shows that the enactment of blockchain-friendly legislation leads to a significant increase in green innovation. We establish that pro-blockchain legislation promotes green innovation through the information, financing, and external governance channels. Additional analysis reveals that the effect of blockchain adoption on green technologies is particularly pronounced for firms that face severe climate risks and have ESG-linked pay policies. We also find that blockchain-friendly laws are associated with a decline in corporate toxic emissions, a reduction in environmental litigation costs, an increase in green R&D and an improvement in market advantage. These findings underscore the importance of cutting-edge technologies in the green industrial revolution toward a low carbon economy. © 2025 The Authors | T31: Blockchain; Climate innovation; Climate risk; Financial constraints; Green innovation; Information asymmetry | AB31: Aboody, David, Information asymmetry, R&D, and insider gains, Journal of Finance, 55, 6, pp. 2747-2766, (2000); Acemoglu, Daron, Transition to clean technology, Journal of Political Economy, 124, 1, pp. 52-104, (2016); Adams, Richard J., Blockchain for Good? Digital Ledger Technology and Sustainable Development Goals, World Sustainability Series, pp. 127-140, (2018); Aghion, Philippe, Carbon taxes, path dependency, and directed technical change: Evidence from the auto industry, Journal of Political Economy, 124, 1, pp. 1-51, (2016); Amihud, Yakov, Illiquidity and stock returns: Cross-section and time-series effects, Journal of Financial Markets, 5, 1, pp. 31-56, (2002); Andersen, Dana C., Do credit constraints favor dirty production? Theory and plant-level evidence, Journal of Environmental Economics and Management, 84, pp. 189-208, (2017); Azar, José A., The Big Three and corporate carbon emissions around the world, Journal of Financial Economics, 142, 2, pp. 674-696, (2021); Baker, Andrew C., How much should we trust staggered difference-in-differences estimates?, Journal of Financial Economics, 144, 2, pp. 370-395, (2022); Bergh, Donald D., Information Asymmetry in Management Research: Past Accomplishments and Future Opportunities, Journal of Management, 45, 1, pp. 122-158, (2019); Bertrand, Marianne, How much should we trust differences-in-differences estimates?, Quarterly Journal of Economics, 119, 1, pp. 249-275, (2004) | AC31: W. Mbanyele; Center for Economic Research, Shandong University, Jinan, 250100, China; email: wmbanyele@sdu.edu.cn; L.T. Muchenje; University of Canterbury, Christchurch, New Zealand; email: linda.muchenje@pg.canterbury.ac.nz | AE31: Elsevier Inc. | AK31: 10590560 | AO31: English | AP31: Int. Rev. Econ. Financ. | AQ31: Article | AR31: Final | AS31: All Open Access; Gold Open Access | AT31: Scopus | AU31: 2-s2.0-105010580281 | AY31: Include
A32: 31 | B32: Bhatt, G.D.; Emdad, A. | C32: Bhatt, Ganesh Datt (7003554531); Emdad, Ali F. (6603126202) | D32: 7003554531; 6603126202 | E32: Blockchain's role in environmental sustainability: Bibliometric insights from scopus | F32: 2025 | G32: Green Technologies and Sustainability | H32: 3 | I32: 4 | J32: 100236 | M32: 0 | N32: 3 | O32: 10.1016/j.grets.2025.100236 | P32: https://www.scopus.com/inward/record.uri?eid=2-s2.0-105008975246&doi=10.1016%2Fj.grets.2025.100236&partnerID=40&md5=ca492adc268421feb0c2dbc6c9541bce | Q32: Department of Information Science and Systems, Morgan State University, Baltimore, MD, United States; Graves School of Business and Mgt, Morgan State University, Baltimore, MD, United States | R32: Bhatt, Ganesh Datt, Department of Information Science and Systems, Morgan State University, Baltimore, MD, United States; Emdad, Ali F., Graves School of Business and Mgt, Morgan State University, Baltimore, MD, United States | S32: Blockchain technology is increasingly acknowledged as a transformative tool for advancing environmental sustainability. Although blockchain has the potential to enhance transparency, trust, and accountability, research on blockchain's sustainability applications remains fragmented with inconsistent methodologies and limited integration of theoretical frameworks. One major barrier to achieving sustainability goals is the lack of standardized verification systems, which hinders regulatory oversight and consistent assessment of environmental claims. This study employs bibliometric analysis using the Scopus database and analytical tools such as VOSviewer to systematically examine the research landscape. By identifying key trends, influential authors, and thematic research clusters, this study synthesizes blockchain's roles in environmental sustainability. Our findings indicate that blockchain strengthens data integrity, enhances sustainability reporting, and promotes stakeholder collaboration across environmental sectors. However, challenges such as scalability, energy-intensive consensus mechanisms, and regulatory uncertainty persist. This study contributes to the literature by clarifying foundational concepts, identifying research gaps, and proposing directions for future work in blockchain-based sustainability frameworks. © 2025 The Authors | T32: Bibliometric study; Blockchain; Environmental sustainability; Governance; Institutional trust | U32: Engineering research; Environmental technology; Sustainable development; Bibliometric; Bibliometric study; Bibliometrics analysis; Block-chain; Environmental sustainability; Governance; Institutional trust; Regulatory oversight; Theoretical framework; Verification systems; Blockchain | AB32: Lahkani, Marjaneh Jahangiri, Sustainable B2B E-commerce and blockchain-based supply chain finance, Sustainability (Switzerland), 12, 10, (2020); Hariyani, Dharmendra, A literature review on transformative impacts of blockchain technology on manufacturing management and industrial engineering practices, Green Technologies and Sustainability, 3, 3, (2025); Shukla, Rishi P., Blockchain for Enhanced Transparency and Traceability in Circular Supply Chains, pp. 203-228, (2024); Open Access Libr J, (2025); Chowdhury, Emon Kalyan, Strategy for implementing blockchain technology in accounting: Perspectives of stakeholders in a developing nation, Business Strategy and Development, 6, 3, pp. 477-490, (2023); Christensen, Hans B., Mandatory CSR and sustainability reporting: economic analysis and literature review, Review of Accounting Studies, 26, 3, pp. 1176-1248, (2021); Economic Analysis of Widespread Adoption of Csr and Sustainability Reporting Standards, (2018); undefined, (2024); Inf Syst Eng Manag, (2024); Abbas, Zaheer, A Comprehensive Study of Blockchain Technology and Its Role in Promoting Sustainability and Circularity across Large-Scale Industry, Sustainability (Switzerland), 16, 10, (2024) | AC32: G.D. Bhatt; Department of Information System & Sciences, Morgan State University, Baltimore, 21239, United States; email: ganesh.bhatt@morgan.edu | AE32: KeAi Communications Co. | AK32: 29497361 | AO32: English | AP32: Green. Technol. Sustain. | AQ32: Article | AR32: Final | AS32: All Open Access; Gold Open Access; Green Accepted Open Access; Green Open Access | AT32: Scopus | AU32: 2-s2.0-105008975246 | AY32: Include
A33: 32 | B33: Ahmad, N.; Hanapi, M.S.; Yasin, Y.F. | C33: Ahmad, Norashikin (60209817300); Hanapi, Mohd Shukri (56303299200); Yasin, Y. F. (59335836900) | D33: 60209817300; 56303299200; 59335836900 | E33: MAQASID SHARIAH AND ISLAMIC FINTECH RESEARCH: TRENDS, TOPICS AND COLLABORATIONS | F33: 2025 | G33: Jurnal Ilmiah Peuradeun | H33: 13 | I33: 3 | K33: 2271 | L33: 2310 | M33: 0 | N33: 0 | O33: 10.26811/peuradeun.v13i3.1829 | P33: https://www.scopus.com/inward/record.uri?eid=2-s2.0-105022816513&doi=10.26811%2Fpeuradeun.v13i3.1829&partnerID=40&md5=ef5e9b83cdc4bc778a0fed5ddeec83c2 | Q33: Universiti Sains Malaysia, Gelugor, Penang, Malaysia; Universiti Teknologi Malaysia, Johor Bahru, Johor, Malaysia | R33: Ahmad, Norashikin, Universiti Sains Malaysia, Gelugor, Penang, Malaysia; Hanapi, Mohd Shukri, Universiti Sains Malaysia, Gelugor, Penang, Malaysia; Yasin, Y. F., Universiti Teknologi Malaysia, Johor Bahru, Johor, Malaysia | S33: This study examines how Maqasid Shariah principles influence the evolving discourse on Islamic financial technology (FinTech) at the global level. Based on 397 Scopus-indexed publications from 2019 to 2023, the study employs analytical mapping to explore publication trends, thematic developments, and international collaborations. The findings reveal a surge of scholarly attention between 2019 and 2021, followed by a slight decline, with Malaysia identified as the most active contributor. Six key thematic clusters emerged—covering crowdfunding, blockchain, digital assets, and Islamic banking— indicating a gradual shift of Maqasid Shariah from theoretical discussions to practical applications. Conceptually, Maqasid is framed not only as an ethical compass but as a normative and epistemological foundation that integrates Shariah, economics, and technology. Practically, the study offers insights for policymakers and industry players to align digital finance with justice, transparency, and inclusivity while contributing to broader global agendas such as the SDGs and ESG. Although limited to Scopus data, the study encourages further qualitative and comparative inquiries to deepen understanding of Maqasid implementation and strengthen the development of ethical and sustainable Islamic FinTech ecosystems. © 2025, SCAD Independent Printed in Indonesia. | T33: Digital Finance; Ethical Finance; Islamic FinTech; Maqasid Shariah; SDGs | AB33: Journal of Fatwa Management and Research, (2019); Abubakar, Mustapha, Cryptocurrency tide and islamic finance development: Any issue?, International Finance Review, 20, pp. 189-200, (2019); Bibliometric Analysis for Beginners, (2021); Journal of Islamic Social Economics and Development, (2025); Al Husaeni, Dwi Fitria, Bibliometric Using Vosviewer with Publish or Perish (using Google Scholar data): From Step-by-step Processing for Users to the Practical Examples in the Analysis of Digital Learning Articles in Pre and Post Covid-19 Pandemic, ASEAN Journal of Science and Engineering, 2, 1, pp. 19-46, (2022); Future Business Journal, (2025); Andiko, Toha, Implementation of Restorative Justice in a Customary Court in Rejang Lebong District, Bengkulu, Indonesia: A Maqāṣid Al-Sharī‘ah Review, Juris: Jurnal Ilmiah Syariah, 23, 1, pp. 93-106, (2024); Arpangi, n., Resolution of Industrial Relations Disputes in Court Rulings and the Fair Fulfillment of Workers' Rights in Indonesia: An Islamic Legal Perspective, Juris: Jurnal Ilmiah Syariah, 24, 1, pp. 51-62, (2025); Bashori, Yudhi Achmad, MAQASID SHARIAH-BASED DIGITAL ECONOMY MODEL: INTEGRATION, SUSTAINABILITY AND TRANSFORMATION, Malaysian Journal of Syariah and Law, 12, 2, pp. 405-425, (2024); Dahlan, Ahmad, Ethno-Political Dynamism and Its Role in the Development of Indonesian Islamic Banking Law, Volksgeist: Jurnal Ilmu Hukum dan Konstitusi, 7, 2, pp. 393-409, (2024) | AC33: N. Ahmad; Universiti Sains Malaysia, Pulau Pinang, Malaysia; email: hshukri@usm.my | AE33: SCAD Independent | AK33: 23388617; 24432067 | AO33: English | AP33: J. Ilm. Peuradeun. | AQ33: Article | AR33: Final | AT33: Scopus | AU33: 2-s2.0-105022816513 | AY33: Include
A34: 33 | B34: Patil, R.V.; Kashid, P.V.; Gaidhani, V.A.; Poddar, G.M.; Patil, M.P.; Bhadane, G.G.; Patil, S.R. | C34: Patil, Rajendra Vasantrao (59383378300); Kashid, Pratibha Vivekanand (60041363400); Gaidhani, Vishakha Abhay (57224941682); Poddar, Govind Mohanlal (58871526800); Patil, Manesh Prakashrao (59538661400); Bhadane, Ganesh Gulabrao (60150681200); Patil, Shravani R. (59932048300) | D34: 59383378300; 60041363400; 57224941682; 58871526800; 59538661400; 60150681200; 59932048300 | E34: Blockchain-Enabled ESG for Secure and Transparent Sustainability Accounting | F34: 2025 | G34: International Journal of Accounting and Economics Studies | H34: 12 | I34: 6 | K34: 273 | L34: 282 | M34: 0 | N34: 0 | O34: 10.14419/nab7g102 | P34: https://www.scopus.com/inward/record.uri?eid=2-s2.0-105019315067&doi=10.14419%2Fnab7g102&partnerID=40&md5=843f9022f235043d6330fad3640ba837 | Q34: Department of Computer Engineering, SSVPS Bapusaheb Shivajirao Deore College of Engineering, Dhule, India; Department of Information Technology, Sir Visvesvaraya Institute of Technology, Nashik, India; Department of Master of Business Administration, Sir Visvesvaraya Institute of Technology, Nashik, India; NES’s Gangamai College of Engineering, Dhule, India; Dr. D. Y. Patil Institute of Technology, Pune, MH, India | R34: Patil, Rajendra Vasantrao, Department of Computer Engineering, SSVPS Bapusaheb Shivajirao Deore College of Engineering, Dhule, India; Kashid, Pratibha Vivekanand, Department of Information Technology, Sir Visvesvaraya Institute of Technology, Nashik, India; Gaidhani, Vishakha Abhay, Department of Master of Business Administration, Sir Visvesvaraya Institute of Technology, Nashik, India; Poddar, Govind Mohanlal, NES’s Gangamai College of Engineering, Dhule, India; Patil, Manesh Prakashrao, Department of Computer Engineering, SSVPS Bapusaheb Shivajirao Deore College of Engineering, Dhule, India; Bhadane, Ganesh Gulabrao, Dr. D. Y. Patil Institute of Technology, Pune, MH, India; Patil, Shravani R., Department of Computer Engineering, SSVPS Bapusaheb Shivajirao Deore College of Engineering, Dhule, India | S34: Environmental, Social, and Governance (ESG) reporting has developed as an essential structure for assessing corporate sustainability performance and long-term value creation. However, conventional ESG declaration is undermined by data discrepancies, non-auditable indicators, and susceptibility to greenwashing. This article explores the integration of blockchain technology into ESG data reporting frameworks to develop an immutable, auditable, and reliable sustainability accounting system. Blockchain, with its characteristic aspects of decentralized governance, immutable record keeping, and automated agreement mechanisms, offers a novel approach to existing shortcomings in ESG reporting. Through a structured review of recent literature, we inspect how blockchain can improve data trustworthiness, allow real-time reporting, and smart contract-enabled compliance mechanisms. The research outlines novel practices, business applications, and research gaps in ESG-blockchain integration. A five-layer framework is proposed to assess existing blockchain-based ESG models. The framework incorporates parameters such as record traceability, independent verifiability, and compliance with applicable regulations. By integrating insights from accounting, economics, and technological innovation, this article expands scholarly discussion on digital sustainable governance. The findings are particularly important for regulatory authorities, sustainability practitioners, and technological innovators aiming to integrate ESG objectives with robust, auditable, and interoperable reporting infrastructures. © Dr. Rajendra Vasantrao Patil et al. | T34: Blockchain; Data Integrity; Decentralized Systems; Digital Assurance; Disclosure; ESG Reporting; Greenwashing; SDGs; Smart Contracts; Sustainability Accounting | AB34: Blockchains, (2024); Zhu, Fengnian, Impact of Blockchain Technology on the Quality of ESG Information Disclosure, Procedia Computer Science, 243, pp. 197-205, (2024); Wu, Wei, Consortium blockchain-enabled smart ESG reporting platform with token-based incentives for corporate crowdsensing, Computers and Industrial Engineering, 172, (2022); Int J Eng Technol Manag Res, (2025); Thanasi-Boçe, Marsela, Blockchain for Sustainable Development: A Systematic Review, Sustainability (Switzerland), 17, 11, (2025); Nofel, Mohamed, Integrating Blockchain, IoT, and XBRL in Accounting Information Systems: A Systematic Literature Review, Journal of Risk and Financial Management, 17, 8, (2024); Kaal, Wulf Alexander, Decentralized autonomous organizations: Internal governance and external legal design, Annals of Corporate Governance, 5, 4, pp. 237-307, (2021); Pizzi, Simone, Embedding and managing blockchain in sustainability reporting: a practical framework, Sustainability Accounting, Management and Policy Journal, 13, 3, pp. 545-567, (2022); Liu, Xinlai, Blockchain-enabled esg reporting framework for sustainable supply chain, Smart Innovation, Systems and Technologies, 200, pp. 403-413, (2021); Tian, Feng, An agri-food supply chain traceability system for China based on RFID & blockchain technology, (2016) | AC34: R.V. Patil; Department of Computer Engineering, SSVPS Bapusaheb Shivajirao Deore College of Engineering, Dhule, (MS), India; email: patilrajendra.v@gmail.com | AE34: Science Publishing Corporation Inc. | AK34: 23094508 | AO34: English | AP34: Int. j. account. econ. stud. | AQ34: Article | AR34: Final | AS34: All Open Access; Bronze Open Access | AT34: Scopus | AU34: 2-s2.0-105019315067 | AY34: Include
A35: 34 | B35: Kok, S.L.; Sriboonruang, P. | C35: Kok, Seng Loong (59942622400); Sriboonruang, Patcharavadee (37262024700) | D35: 59942622400; 37262024700 | E35: Healthcare Digitization and Sustainability of Penang Healthcare Providers: A Case of Medical Tourism | F35: 2025 | K35: 127 | L35: 162 | M35: 0 | N35: 0 | O35: 10.4018/979-8-3693-9800-5.ch005 | P35: https://www.scopus.com/inward/record.uri?eid=2-s2.0-105023029154&doi=10.4018%2F979-8-3693-9800-5.ch005&partnerID=40&md5=e0779aec564d81cae8c93cfd5ab7d5f5 | Q35: Manipal GlobalNxt University, Gelugor, Malaysia; Kasetsart University, Bangkok, Thailand | R35: Kok, Seng Loong, Manipal GlobalNxt University, Gelugor, Malaysia; Sriboonruang, Patcharavadee, Kasetsart University, Bangkok, Thailand | S35: This chapter describes how Malaysian healthcare providers in Penang promote ESGaligned sustainability through digital solutions. Digitalization improves operational efficiency, environmental performance, and patient-centered care, according to stakeholder theory, institutional theory, and the resource-based view. Digital tools like EMRs, AI-assisted diagnostics, blockchain-based records, and telemedicine platforms can improve healthcare delivery and system resilience, according to a PRISMA analysis of policy initiatives, institutional practices, and ESG principles. The findings show that Penang's healthcare providers encourage lowering of ecological footprints and administrative redundancies. The study identified technological inequalities, data governance challenges, and regulatory control difficulties, despite achieving promising results. ESG performance, ethical digital stewardship, and cross-border health regulations need improvement. Policymakers, administrators, and global health strategists use the insights to promote sustainable digital health. © 2026, IGI Global Scientific Publishing. | U35: Blockchain; Digital devices; Electronic health record; Health care; Sustainable development; Telemedicine; Digital solutions; Digitisation; Environmental performance; Health care providers; Institutional theory; Malaysians; Operational efficiencies; Patient-centered care; Resource-based view; Stakeholder theory; Environmental management | AB35: Asrifan, Andi, Managing Privacy and Security in Research: Effective Practices and Strategies, pp. 151-182, (2025); Ann Med Surg, (2024); Abdullah, Azreen Rozainee, Factors attracting Indonesian medical tourists to Penang, African Journal of Hospitality, Tourism and Leisure, 2019, Special Issue, pp. 1-10, (2019); Engineering Science Technology Journal, (2024); Aerts, Walter, Media legitimacy and corporate environmental communication, Accounting, Organizations and Society, 34, 1, pp. 1-27, (2009); Ahmad, Naveed, From Corporate Social Responsibility to Employee Well-Being: Navigating the Pathway to Sustainable Healthcare, Psychology Research and Behavior Management, 16, pp. 1079-1095, (2023); Legal Compliance in Corporate Governance Frameworks Best Practices for Ensuring Transparency Accountability and Risk Mitigation, (2025); Blockchain as A Platform for Artificial Intelligence AI Transparency, (2025); Amit, Raphael, Strategic assets and organizational rent, Strategic Management Journal, 14, 1, pp. 33-46, (1993); Asif, Rameez, Integrating a Blockchain-Based Governance Framework for Responsible AI, Future Internet, 15, 3, (2023) | AE35: IGI Global | AL35: 9798369398005; 9798369398029 | AO35: English | AP35: Sustain. Dev. for Hosp. and Clin. | AQ35: Book chapter | AR35: Final | AT35: Scopus | AU35: 2-s2.0-105023029154 | AY35: Exclude | AZ35: Only selected Articles, Reviews, and Conference papers
A36: 35 | B36: Pallavi, K.; Srivastava, S. | C36: Pallavi, K. (58304816000); Srivastava, Sonali (56924218700) | D36: 58304816000; 56924218700 | E36: Blockchain Accountability Strategy of ESG-Focused Cryptocurrency Projects | F36: 2025 | K36: 283 | L36: 302 | M36: 0 | N36: 0 | O36: 10.1201/9781003477808-16 | P36: https://www.scopus.com/inward/record.uri?eid=2-s2.0-105016770687&doi=10.1201%2F9781003477808-16&partnerID=40&md5=500af029144162199f0808b8eb6dcbf2 | Q36: VIT Bhopal University, Sehore, MP, India; Jaypee Institute of Information Technology, Noida, UP, India | R36: Pallavi, K., VIT Bhopal University, Sehore, MP, India; Srivastava, Sonali, Jaypee Institute of Information Technology, Noida, UP, India | S36: Countries worldwide have taken numerous steps toward protecting environmental sustainability in the era of depleting resources and deteriorating nature. They encourage their government policies to implement environment?social?governance (ESG) linked funds. Precisely, the funds raised from such ESG investments or socially responsible funds are put into improving the sustainable development of society as a whole, and blockchain is one such technology that can handle these funds and their hectic processes. This chapter highlights the importance of blockchain technology in such ESG funds and the management of their processes. The chapter provides as understanding of ESG-oriented projects and the role of blockchain in ESG, followed by developing a model for ESG-focused projects and compliances related to ESG reporting and the impact of ESG reporting on stakeholders. This work also tries to understand how ESG can be incorporated into cryptocurrency projects, exploring the potential determinants of ESG investments and further describes the future trends and challenges of ESG investments. © 2026 K. Pallavi, Sonali Srivastava. All rights reserved. | U36: Cryptocurrency; Environmental protection; Investments; Public policy; Sustainable development; Block-chain; Environmental sustainability; Future challenges; Future trends; Blockchain | AB36: Understanding Integrated Reporting the Concise Guide to Integrated Thinking and the Future of Corporate Reporting, (2017); Aheleroff, Shohin, Digital Twin as a Service (DTaaS) in Industry 4.0: An Architecture Reference Model, Advanced Engineering Informatics, 47, (2021); Albuquerque, Rui, Corporate social responsibility and firm risk: Theory and empirical evidence, Management Science, 65, 10, pp. 4451-4469, (2019); Aoun, Alain G., A review of Industry 4.0 characteristics and challenges, with potential improvements using blockchain technology, Computers and Industrial Engineering, 162, (2021); Asif, Muhammad, Exploring the role of industry 4.0 in enhancing supplier audit authenticity, efficacy, and cost effectiveness, Journal of Cleaner Production, 331, (2022); Baker, Malcolm P., The Pricing and Ownership of US Green Bonds, Annual Review of Financial Economics, 14, pp. 415-437, (2022); Bauer, Rob M.M.J., Get Real! Individuals Prefer More Sustainable Investments, Review of Financial Studies, 34, 8, pp. 3976-4043, (2021); Bertino, Elisa, Data transparency with blockchain and AI ethics, Journal of Data and Information Quality, 11, 4, (2019); Bowman, Cliff, Value Creation Versus Value Capture: Towards a Coherent Definition of Value in Strategy, British Journal of Management, 11, 1, pp. 1-15, (2000); Bresnahan, Timothy F., General purpose technologies 'Engines of growth'?, Journal of Econometrics, 65, 1, pp. 83-108, (1995) | AE36: CRC Press | AL36: 9781040409145; 9781032762715 | AO36: English | AP36: Digit. Strategy and Gov. in Transform. Technol. | AQ36: Book chapter | AR36: Final | AT36: Scopus | AU36: 2-s2.0-105016770687 | AY36: Exclude | AZ36: Only selected Articles, Reviews, and Conference papers
A37: 36 | B37: Caldarelli, G. | C37: Caldarelli, Giulio (57216184448) | D37: 57216184448 | E37: Integration of Blockchain in Accounting and ESG Reporting: A Systematic Review from an Oracle-Based Perspective | F37: 2025 | G37: Journal of Risk and Financial Management | H37: 18 | I37: 9 | J37: 491 | M37: 0 | N37: 0 | O37: 10.3390/jrfm18090491 | P37: https://www.scopus.com/inward/record.uri?eid=2-s2.0-105018100441&doi=10.3390%2Fjrfm18090491&partnerID=40&md5=c7bd52208eb57ff0d3f1cb9440f49d24 | Q37: Department of Management, Università degli Studi di Torino, Turin, TO, Italy | R37: Caldarelli, Giulio, Department of Management, Università degli Studi di Torino, Turin, TO, Italy | S37: The Bitcoin network is a sophisticated accounting system that facilitates consensus and verification of transactions through cryptographic proof, eliminating the need for a central authority. Given its success, the underlying technology, generally referred to as blockchain, has been proposed as a means to improve legacy accounting and reporting systems. However, integrating real-world data into a blockchain requires the use of oracles: third-party systems that, if poorly selected, may be less decentralized and transparent, potentially undermining the expected benefits. Through a systematic review of the existing literature, this study investigates whether research articles on the integration of blockchain technology in accounting and reporting have addressed the limitations posed by oracles, under the rationale that the omission of oracles constitutes a theoretical bias. Furthermore, this study examines oracle-based solutions proposed for reporting applications and classifies them based on their intended purpose. While the overall consideration of oracles remains limited, the findings indicate a steadily increasing interest in their role and implications within accounting, auditing, and ESG-related blockchain implementations. This growing attention is particularly evident in ESG reporting, where permissioned blockchains and attestation mechanisms are increasingly being examined as practical responses to data verification challenges. © 2025 by the author. | T37: accounting; auditing; blockchain; ESG; oracle problem; oracles; reporting; sustainability | Z37: European Commission, EC, (GRINS PE00000018—CUP D13C22002160001); European Commission, EC | AA37: This study was funded by the European Union\u2014NextGenerationEU, Mission 4, Component 2\u2014in the framework of the growing resilient, inclusive, and sustainable (GRINS) project (GRINS PE00000018\u2014CUP D13C22002160001). The views and opinions expressed are solely those of the author and do not necessarily reflect those of the European Union, nor can the European Union be held responsible. | AB37: Abdennadher, Sonia, The effects of blockchain technology on the accounting and assurance profession in the UAE: an exploratory study, Journal of Financial Reporting and Accounting, 20, 1, pp. 53-71, (2022); Abdulla, Hareb, Would Blockchain Disrupt the Accounting and Auditing Professions? An Exploratory Study in the UAE, pp. 295-310, (2022); Abu Afifa, Malik Muneer, Blockchain adoption in accounting by an extended UTAUT model: empirical evidence from an emerging economy, Journal of Financial Reporting and Accounting, 21, 1, pp. 5-44, (2023); Akter, Mohsina, Looking beyond the hype: The challenges of blockchain adoption in accounting, International Journal of Accounting Information Systems, 53, (2024); Albizri, Abdullah, Trust but verify: The oracle paradox of blockchain smart contracts, Journal of Information Systems, 35, 2, pp. 1-16, (2021); Al-Breiki, Hamda, Trustworthy Blockchain Oracles: Review, Comparison, and Open Research Challenges, IEEE Access, 8, pp. 85675-85685, (2020); Alex, Brito Sánchez, Blockchain application in accounting and auditing: a bibliometric and systemic analysis, Iberian Conference on Information Systems and Technologies, CISTI, 2022-June, (2022); Blockchain Based Smart Contracts A Systematic Mapping Study, (2017); Alkhwaldi, Abeer F., Antecedents and outcomes of innovative blockchain usage in accounting and auditing profession: an extended UTAUT model, Journal of Organizational Change Management, 37, 5, pp. 1102-1132, (2024); Alles, Michael G., Hope or hype? Blockchain and accounting, International Journal of Digital Accounting Research, 23, pp. 19-45, (2023) | AC37: G. Caldarelli; Department of Management, University of Turin, Corso Unione Sovietica, Turin, 218bis, 10134, Italy; email: giulio.caldarelli@unito.it | AE37: Multidisciplinary Digital Publishing Institute (MDPI) | AK37: 19118074 | AO37: English | AP37: J. Risk. Financ. Manag. | AQ37: Review | AR37: Final | AS37: All Open Access; Hybrid Gold Open Access | AT37: Scopus | AU37: 2-s2.0-105018100441 | AY37: Include
A38: 37 | B38: Cong, L.W.; Qu, Y.; Wang, G. | C38: Cong, Lin William (57208755069); Qu, Yuanyu (57208567741); Wang, Guojun (57269792700) | D38: 57208755069; 57208567741; 57269792700 | E38: Blockchains for environmental monitoring: theory and empirical evidence from China | F38: 2025 | G38: Review of Finance | H38: 29 | I38: 5 | K38: 1303 | L38: 1336 | M38: 0 | N38: 0 | O38: 10.1093/rof/rfaf033 | P38: https://www.scopus.com/inward/record.uri?eid=2-s2.0-105017323021&doi=10.1093%2Frof%2Frfaf033&partnerID=40&md5=32d9640367cf3b55fc9ae1ffd06d340e | Q38: Cornell SC Johnson College of Business, Ithaca, NY, United States; International School of Finance, Fudan University, Shanghai, China; ABFER, Singapore City, Singapore; IC3, New York, United States; National Bureau of Economic Research, Cambridge, MA, United States; University of International Business and Economics, Beijing, China; School of Finance and Business, Shanghai Normal University, Shanghai, Shanghai, China | R38: Cong, Lin William, Cornell SC Johnson College of Business, Ithaca, NY, United States, International School of Finance, Fudan University, Shanghai, China, ABFER, Singapore City, Singapore, IC3, New York, United States, National Bureau of Economic Research, Cambridge, MA, United States; Qu, Yuanyu, University of International Business and Economics, Beijing, China; Wang, Guojun, School of Finance and Business, Shanghai Normal University, Shanghai, Shanghai, China | S38: We explore the effects of a blockchain-based environmental monitoring technology on emissions. Our model of firm competition in the presence of regional regulators reveals that blockchain adoption reduces industrial pollution but triggers business relocation, creating trade-offs between local emission reduction and economic contraction. When pollution-induced social losses are highly dispersed across cities, a partial-adoption equilibrium fails to mitigate aggregate emissions because of the pollution leakage. We further present the first piece of empirical evidence corroborating model predictions, by taking advantage of a recent regulation change in China. The concentrations of SO<inf>2</inf>, NO<inf>2</inf>, and CO in blockchain-adopting cities are on average 16.6 percent, 7.9 percent, and 4.6 percent, respectively, lower than other cities. However, blockchain-based monitoring disproportionately hurts the industrial sector, and the average economic growth are 1.8–2.6 percent lower than other cities. Firms in adopting cities open more non-local plants to avoid regulation. © The Author(s) 2025. Published by Oxford University Press on behalf of the European Finance Association. All rights reserved. | T38: blockchain; ESG reporting; monitoring; pollution; secure MPC | Z38: National Key Research and Development Program of China, NKRDPC, (2023YFA1009204); National Key Research and Development Program of China, NKRDPC; National Natural Science Foundation of China, NSFC, (ID 72003025, 72373020); National Natural Science Foundation of China, NSFC | AA38: Yuanyu Qu acknowledges financial support from the National key R&D Program of China (No. 2023YFA1009204) and the National Natural Science Foundation of China (grant ID 72003025 and 72373020). | AB38: Blockchain Economics, (2018); Journal of Applied Corporate Finance, (2023); Bartram, Söhnke M., Real effects of climate policy: Financial constraints and spillovers, Journal of Financial Economics, 143, 2, pp. 668-696, (2022); Barwick, By Panle Jia, From Fog to Smog: The Value of Pollution Information†, American Economic Review, 114, 5, pp. 1338-1381, (2024); Basu, Soumya, StableFees: A Predictable Fee Market for Cryptocurrencies, Management Science, 69, 11, pp. 6508-6524, (2023); Out of Sight Out of Mind Divestments and the Global Reallocation of Pollutive Assets, (2024); Biais, Bruno, The Blockchain Folk Theorem, Review of Financial Studies, 32, 5, pp. 1662-1715, (2019); Co2 Question Technical Progress and the Climate Crisis, (2023); Buntaine, Mark T., Does the Squeaky Wheel Get More Grease? The Direct and Indirect Effects of Citizen Participation on Environmental Governance in China, American Economic Review, 114, 3, pp. 815-850, (2024); Cao, Sean, Blockchain architecture for auditing automation and trust building in public markets, Computer, 53, 7, pp. 20-28, (2020) | AC38: G. Wang; School of Finance and Business, Shanghai Normal University, Shanghai, China; email: gjwang@shnu.edu.cn | AE38: Oxford University Press | AK38: 15723097; 1573692X | AO38: English | AP38: Rev. Financ. | AQ38: Article | AR38: Final | AT38: Scopus | AU38: 2-s2.0-105017323021 | AY38: Include
A39: 38 | B39: Basdekidou, V.; Papapanagos, H. | C39: Basdekidou, Vasiliki (58221986600); Papapanagos, Harry (6603144465) | D39: 58221986600; 6603144465 | E39: SEP and Blockchain Adoption in Western Balkans and EU: The Mediating Role of ESG Activities and DEI Initiatives | F39: 2025 | G39: FinTech | H39: 4 | I39: 3 | J39: 37 | M39: 0 | N39: 1 | O39: 10.3390/fintech4030037 | P39: https://www.scopus.com/inward/record.uri?eid=2-s2.0-105017162669&doi=10.3390%2Ffintech4030037&partnerID=40&md5=ce594a21e4b010bca2f8cffa0cf2bea7 | Q39: Department of Balkan, University of Macedonia, Thessaloniki, Central Macedonia, Greece | R39: Basdekidou, Vasiliki, Department of Balkan, University of Macedonia, Thessaloniki, Central Macedonia, Greece; Papapanagos, Harry, Department of Balkan, University of Macedonia, Thessaloniki, Central Macedonia, Greece | S39: This paper explores the intervening role in SEP performance of corporate environmental, cultural, and ethnic activities (ECEAs) and diversity, equity, inclusion, and social initiatives (DEISIs) on blockchain adoption (BCA) strategy, particularly useful in the Western Balkans (WB), which demands transparency due to extended fraud and ethnic complexities. In this domain, a question has been raised: In BCA strategies, is there any correlation between SEP performance and ECEAs and DEISIs in a mediating role? A serial mediation model was tested on a dataset of 630 WB and EU companies, and the research conceptual model was validated by CFA (Confirmation Factor Analysis), and the SEM (Structural Equation Model) fit was assessed. We found a statistically sound (significant, positive) correlation between BCA and ESG success performance, especially in the innovation and integrity ESG performance success indicators, when DEISIs mediate. The findings confirmed the influence of technology, and environmental, cultural, ethnic, and social factors on BCA strategy. The findings revealed some important issues of BCA that are of worth to WB companies’ managers to address BCA for better performance. This study adds to the literature on corporate blockchain transformation, especially for organizations seeking investment opportunities in new international markets to diversify their assets and skill pool. Furthermore, it contributes to a deeper understanding of how DEI initiatives impact the correlation between business transformation and socioeconomic performance, which is referred to as the “social impact”. © 2025 by the authors. | T39: blockchain adoption; diverse workspace; entrepreneurship performance; ethnical particularities; FinTech; national cultural values; structural equation modeling | Z39: University of Macedonia, UOM | AA39: We would like to acknowledge the support of the Department of Balkan, Slavic, and Oriental Studies/University of Macedonia (Greece). | AB39: Basdekidou, Vasiliki, Blockchain Technology Adoption for Disrupting FinTech Functionalities: A Systematic Literature Review for Corporate Management, Supply Chain, Banking Industry, and Stock Markets, Digital, 4, 3, pp. 762-803, (2024); Morkunas, Vida Julija, How blockchain technologies impact your business model, Business Horizons, 62, 3, pp. 295-306, (2019); Chang, Victor I., How Blockchain can impact financial services – The overview, challenges and recommendations from expert interviewees, Technological Forecasting and Social Change, 158, (2020); Varveris, Dimitrios, Tree Architecture & Blockchain Integration: An off-the-shelf Experimental Approach, WSEAS Transactions on Environment and Development, 19, pp. 969-977, (2023); Varveris, Dimitrios, Distributed and Collaborative Tree Architecture: A Low-cost Experimental Approach for Smart Forest Monitoring, Baltic Journal of Modern Computing, 11, 4, pp. 653-685, (2023); Khan, Nasir, Effects of Financial Inclusion on Economic Growth, Poverty, Sustainability, and Financial Efficiency: Evidence from the G20 Countries, Sustainability (Switzerland), 14, 19, (2022); Poutachidou, Nikoletta, The Investment Styles and Performance of AI-Related ETFs: Analyzing the Impact of Active Management, FinTech, 4, 2, (2025); Basdekidou, Vasiliki, The Use of DEA for ESG Activities and DEI Initiatives Considered as “Pillar of Sustainability” for Economic Growth Assessment in Western Balkans, Digital, 4, 3, pp. 572-598, (2024); World, (2025); Renduchintala, Tara, A Survey of Blockchain Applications in the FinTech Sector, Journal of Open Innovation: Technology, Market, and Complexity, 8, 4, (2022) | AC39: V. Basdekidou; Department of Balkan, Slavic & Oriental Studies, University of Macedonia, Thessaloniki, Egnatia Str. 156, 546 36, Greece; email: vabasdekidou@gmail.com | AE39: Multidisciplinary Digital Publishing Institute (MDPI) | AK39: 26741032 | AO39: English | AP39: FinTech | AQ39: Article | AR39: Final | AS39: All Open Access; Gold Open Access | AT39: Scopus | AU39: 2-s2.0-105017162669 | AY39: Include
A40: 39 | B40: Xanthopoulou, P.; Sahinidis, A. | C40: Xanthopoulou, Panagiota I. (58165355300); Sahinidis, Alexandros G. (23470826900) | D40: 58165355300; 23470826900 | E40: Mapping the Intersection of Entrepreneurship, Digitalization, and the SDGs: A Scopus-Based Literature Review | F40: 2025 | G40: Sustainability (Switzerland) | H40: 17 | I40: 18 | J40: 8420 | M40: 0 | N40: 0 | O40: 10.3390/su17188420 | P40: https://www.scopus.com/inward/record.uri?eid=2-s2.0-105017131258&doi=10.3390%2Fsu17188420&partnerID=40&md5=9a1b5eba79ae9a8def841670c56404df | Q40: Department of Business Administration, University of West Attica, Athens, Attica, Greece | R40: Xanthopoulou, Panagiota I., Department of Business Administration, University of West Attica, Athens, Attica, Greece; Sahinidis, Alexandros G., Department of Business Administration, University of West Attica, Athens, Attica, Greece | S40: This study examines the dynamic interconnection between entrepreneurship, digital transformation, and the Sustainable Development Goals (SDGs), placing the research question in a broader socio-technological context. The research was based on a descriptive review of 22 empirical studies drawn from the Scopus database and related to technological innovations adopted by business initiatives aimed at sustainable development. A total of 314 records were identified, 180 screened, and 22 empirical studies included. Studies originated primarily from Europe and Asia and applied quantitative (60%), qualitative (25%), or mixed methods (15%). Through thematic analysis, the dominant technologies (such as artificial intelligence, blockchain, ERP systems, digital platforms, and ESG data analysis) were identified, as well as the methodological approaches followed in the relevant international literature. The main findings indicate that digital transformation offers significant opportunities to enhance innovation, transparency, and social inclusion. However, challenges also arise, such as digital inequalities, the lack of a strategy for alignment with the SDGs, and institutional weaknesses. In conclusion, the transition to sustainable digital business models requires a multidisciplinary approach, strengthened leadership, educational interventions, and institutional support. This study contributes theoretically and practically to the ongoing scientific dialogue on sustainable and digitally supported entrepreneurship. © 2025 by the authors. | T40: artificial intelligence; blockchain; digital entrepreneurship; digital transformation; innovation; literature review; social entrepreneurship; sustainable development goals (SDGs) | U40: artificial intelligence; database; digitization; entrepreneur; innovation; literature review; Sustainable Development Goal; technological development; technology adoption; Asia; Europe | AB40: Advances in Tourism Technology and Systems Selected Papers from Icotts 2022, (2023); Fischer, Heiko, The triggers and consequences of digital sales: a systematic literature review, Journal of Personal Selling and Sales Management, 43, 1, pp. 5-23, (2023); Akinlar, Aylin, Leveraging technology to enhance educational equity and diversity introduction, pp. 1-22, (2024); Cavallo, Angelo, Entrepreneurial ecosystem research: present debates and future directions, International Entrepreneurship and Management Journal, 15, 4, pp. 1291-1321, (2019); Osabohien, Romanus A., Green Environment-Social Protection Interaction and Food Security in Africa, Environmental Management, 71, 4, pp. 835-846, (2023); Ramos-Villagrasa, Pedro José, Assessing job performance using brief self-report scales: The case of the individual work performance questionnaire, Revista de Psicologia del Trabajo y de las Organizaciones, 35, 3, pp. 195-205, (2019); Škare, Marinko, Digital transformation and European small and medium enterprises (SMEs): A comparative study using digital economy and society index data, International Journal of Information Management, 68, (2023); Salvi, Antonio, Online information on digitalisation processes and its impact on firm value, Journal of Business Research, 124, pp. 437-444, (2021); George, Gerard, Digital Sustainability and Entrepreneurship: How Digital Innovations Are Helping Tackle Climate Change and Sustainable Development, Entrepreneurship Theory and Practice, 45, 5, pp. 999-1027, (2021); Xanthopoulou, Panagiota I., Exploring the Impact of Entrepreneurship Education on Social Entrepreneurial Intentions: A Diary Study of Tourism Students, Administrative Sciences, 15, 3, (2025) | AC40: P. Xanthopoulou; Department of Business Administration, University of West Attica, Athens, 12241, Greece; email: pxanthpoulou@uniwa.gr | AE40: Multidisciplinary Digital Publishing Institute (MDPI) | AK40: 20711050 | AO40: English | AP40: Sustainability | AQ40: Review | AR40: Final | AS40: All Open Access; Gold Open Access | AT40: Scopus | AU40: 2-s2.0-105017131258 | AY40: Include
A41: 40 | B41: Vasheghani Farahani, J.; Treiblmaier, H. | C41: Vasheghani Farahani, Javad (60101646100); Treiblmaier, Horst (13907073600) | D41: 60101646100; 13907073600 | E41: A Sustainability Assessment of a Blockchain-Secured Solar Energy Logger for Edge IoT Environments | F41: 2025 | G41: Sustainability (Switzerland) | H41: 17 | I41: 17 | J41: 8063 | M41: 0 | N41: 0 | O41: 10.3390/su17178063 | P41: https://www.scopus.com/inward/record.uri?eid=2-s2.0-105016101663&doi=10.3390%2Fsu17178063&partnerID=40&md5=968bd7d27ebb79e017673166dc6d66fd | Q41: Department of International Management, MODUL University Vienna, Vienna, Austria | R41: Vasheghani Farahani, Javad, Department of International Management, MODUL University Vienna, Vienna, Austria; Treiblmaier, Horst, Department of International Management, MODUL University Vienna, Vienna, Austria | S41: In this paper, we design, implement, and empirically evaluate a tamper-evident, blockchain-secured solar energy logging system for resource-constrained edge Internet of Things (IoT) devices. Using a Merkle tree batching approach in conjunction with threshold-triggered blockchain anchoring, the system combines high-frequency local logging with energy-efficient, cryptographically verifiable submissions to the Ethereum Sepolia testnet, a public Proof-of-Stake (PoS) blockchain. The logger captured and hashed cryptographic chains on a minute-by-minute basis during a continuous 135 h deployment on a Raspberry Pi equipped with an INA219 sensor. Thanks to effective retrial and daily rollover mechanisms, it committed 130 verified Merkle batches to the blockchain without any data loss or unverifiable records, even during internet outages. The system offers robust end-to-end auditability and tamper resistance with low operational and carbon overhead, which was tested with comparative benchmarking against other blockchain logging models and conventional local and cloud-based loggers. The findings illustrate the technical and sustainability feasibility of digital audit trails based on blockchain technology for distributed solar energy systems. These audit trails facilitate scalable environmental, social, and governance (ESG) reporting, automated renewable energy certification, and transparent carbon accounting. © 2025 by the authors. | T41: blockchain; carbon footprint; decentralized monitoring; energy logging; ESG reporting; IoT; Merkle tree; Proof-of-Stake; solar energy | U41: alternative energy; benchmarking; carbon footprint; certification; Internet; logging (geophysics); solar power; sustainability | Z41: Austrian Science Fund, FFWF | AA41: This research was funded in part by the Austrian Science Fund (FWF) 10.55776/PAT9707423. | AB41: Shmelev, Stanislav E., Smart and sustainable benchmarking of cities and regions in Europe: The application of multicriteria assessment, Cities, 156, (2025); Renewable Capacity Statistics 2025, (2025); Hernandez, Rebecca R., Techno–ecological synergies of solar energy for global sustainability, Nature Sustainability, 2, 7, pp. 560-568, (2019); Zhang, Zhixin, Worldwide rooftop photovoltaic electricity generation may mitigate global warming, Nature Climate Change, 15, 4, pp. 393-402, (2025); World Energy Outlook 2022; Mengelkamp, Esther Marie, Designing microgrid energy markets: A case study: The Brooklyn Microgrid, Applied Energy, 210, pp. 870-880, (2018); Aitzhan, Nurzhan Zhumabekuly, Security and Privacy in Decentralized Energy Trading Through Multi-Signatures, Blockchain and Anonymous Messaging Streams, IEEE Transactions on Dependable and Secure Computing, 15, 5, pp. 840-852, (2018); Shmelev, Stanislav E., Corporate Environmental, Social, and Governance Performance: The Impacts on Financial Returns, Business Model Innovation, and Social Transformation, Sustainability (Switzerland), 17, 3, (2025); Bitcoin A Peer to Peer Electronic Cash System, (2008); Business Blockchain Promise Practice and Application of the Next Internet Technology, (2016) | AC41: H. Treiblmaier; School of International Management, Modul University Vienna, Vienna, 1190, Austria; email: horst.treiblmaier@modul.ac.at | AE41: Multidisciplinary Digital Publishing Institute (MDPI) | AK41: 20711050 | AO41: English | AP41: Sustainability | AQ41: Article | AR41: Final | AS41: All Open Access; Gold Open Access | AT41: Scopus | AU41: 2-s2.0-105016101663 | AY41: Include
A42: 41 | B42: Kukjans, I.; Jurgelāne-Kaldava, I.; Jurušs, M. | C42: Kukjans, Igors (59313154400); Jurgelāne-Kaldava, Ingūna (58602911200); Jurušs, Māris (57195132787) | D42: 59313154400; 58602911200; 57195132787 | E42: A blockchain-enabled taxation framework for implementing the polluter-pays principle in transportation | F42: 2025 | G42: Journal of Open Innovation: Technology, Market, and Complexity | H42: 11 | I42: 3 | J42: 100612 | M42: 0 | N42: 0 | O42: 10.1016/j.joitmc.2025.100612 | P42: https://www.scopus.com/inward/record.uri?eid=2-s2.0-105012770984&doi=10.1016%2Fj.joitmc.2025.100612&partnerID=40&md5=2479854934b68c5319339ee5ec54a062 | Q42: Governance and Security Institute, Riga Technical University, Riga, Latvia | R42: Kukjans, Igors, Governance and Security Institute, Riga Technical University, Riga, Latvia; Jurgelāne-Kaldava, Ingūna, Governance and Security Institute, Riga Technical University, Riga, Latvia; Jurušs, Māris, Governance and Security Institute, Riga Technical University, Riga, Latvia | S42: The transport sector significantly contributes to environmental degradation, with road transport responsible for approximately 70 % of the sector's greenhouse gas emissions, which is only one of several externalities generated by transport. The transboundary nature of international mobility further complicates national emissions inventories and accountability mechanisms. Policies based on the polluter-pays principle, such as carbon taxes and cap-and-trade systems, aim to mitigate these impacts but are hindered by inconsistent metrics and reporting. This study proposes a novel taxation framework for transport-related externalities, addressing how comprehensive sustainability reporting, supported by standardised metrics and transparent tracking, incentivises sustainable practices and enhances transport sustainability. The methodology comprises three phases: (1) a scoping review of transport externalities, mitigation strategies, and polluter-pays taxation; (2) development of a blockchain-based platform to transparently track transport-related pollution and mitigation actions across the entire supply chain using unified Environmental Impact Units (EIU). Companies can register fleets, fuels, and routes on the platform, which allocates pollution costs and issues blockchain-stored EIU certificates for transparent reporting; and (3) focus group discussions to evaluate stakeholder perceptions of the platform against the tax policy criteria of the American Institute of Certified Public Accountants (AICPA, 2017). Despite strong stakeholder support for fairness and transparency, challenges in data standardisation and scalability persist, particularly in less developed regions. This research introduces a blockchain-based platform where transportation companies can register their fleets, record the types of fuel used, and specify their routes. Based on the initial phase of the research, in which transport-related pollution is allocated across different stages of the supply chain, the platform will calculate the associated pollution levels based on the companies' inputs. The platform will then allocate the costs for pollution mitigation measures and issue a digital certificate for a Unified Environmental Impact Unit, reflecting the environmental impact of the company's operations. This certificate will be stored on the blockchain, providing a verifiable, transparent record that can be used by any supply chain for transparent reporting and auditing purposes. © 2025 The Authors | T42: Blockchain; Environmental taxation; Open innovation; Polluter-pays principle | Z42: Rīgas Tehniskā Universitāte, RTU; (1037) | AA42: This work is developed within the scope of the project framework of the European Union Recovery and Resilience Facility -funded project No. 5.2.1.1.i.0/2/24/I/CFLA/003 , \u201C Implementation of consolidation and governance changes at Riga Technical University, Liepaja University, Rezekne Academy of Technologies, Latvian Maritime Academy, and Liepaja Maritime College to advance excellence in higher education, science, and innovation\u201D academic career doctoral grant (ID 1037) . | AB42: Alves, Wellington, Framework for assessing the environmental impacts of intermodal transportation, Engineering Management in Production and Services, 16, 2, pp. 14-29, (2024); undefined, (2017); Aryan, Yash, A critical review of the life cycle assessment studies on road pavements and road infrastructures, Journal of Environmental Management, 336, (2023); Aydin, Celil, Reducing CO 2 emissions in the EU member states: Do environmental taxes work?, Journal of Environmental Planning and Management, 61, 13, pp. 2396-2420, (2018); Bahman, Nahed, Environmental science, policy, and industry nexus: Integrating Frameworks for better transport sustainability, Global Transitions, 7, pp. 29-40, (2025); Econstor, (2016); International Journal of Scientific and Research Publications, (2021); Beck, Ulrik Richardt, Endogenizing the Cap in a Cap-and-Trade System: Assessing the Agreement on EU ETS Phase 4, Environmental and Resource Economics, 77, 4, pp. 781-811, (2020); Benarous, Leila, Blockchain-based forgery resilient vehicle registration system, Transactions on Emerging Telecommunications Technologies, 33, 10, (2022); Beškovnik, Bojan, Evaluating the environmental impact of complex intermodal transport chains, Environmental Engineering and Management Journal, 19, 7, pp. 1131-1141, (2020) | AC42: I. Kukjans; Governance and Security Institute, Riga Technical University, Riga, Kalnciema 6, Latvia; email: Igors.Kukjans@rtu.lv | AE42: Elsevier B.V. | AK42: 21998531 | AO42: English | AP42: J. Open Innov.: Technol. Mark. Complex. | AQ42: Article | AR42: Final | AS42: All Open Access; Gold Open Access; Green Accepted Open Access; Green Open Access | AT42: Scopus | AU42: 2-s2.0-105012770984 | AY42: Include
